Workbook
Name AllRates: #REF!
Name AllWeightedRates: #REF!
Name CAMONTHS: #REF!
Name CASERIES: #REF!
Name CAWTMONTHS: #REF!
Name CAWTSERIES: #REF!
Name CY_Add_ons: #REF!
Name DateRange: #REF!
Name ddh: #REF!
Name DefaultVentPct: #REF!
Name Distribution_of_Days: #REF!
Name DP_Data: #REF!
Name DP_Median: #REF!
Name DP_Median_WOaddons: #REF!
Name ff: #REF!
Name Fiscal_Period_Parameters: #REF!
Name FPB: #REF!
Name FPE: #REF!
Name MinWages: #REF!
Name MONTHS_________: #REF!
Name MONTHS_________: #REF!
Name PRINT_AREA_MI: #REF!
Name PRINT_AREA_MI: #REF!
Name PRINT_TITLES_MI: #REF!
Name Provider_NPI: #REF!
Name PY_Median: #REF!
Name PY_Median_WOaddons: #REF!
Name Query2: #REF!
Name Query2: #REF!
Name Query2: #REF!
Name SERIES_________: #REF!
Name SERIES_________: #REF!
Name SERIES_________: #REF!
Name SWB_Pct: #REF!
Name tblDDH_DDN_2021: #REF!
Name tblRateDataHistory: #REF!
Name TitleRegion1.a4.b15.3: 'Methodology & Column Desc.'!$A$7
Name TitleRegion2.a17.b18.3: 'Methodology & Column Desc.'!$A$20
Name TitleRegion3.a20.b24.3: 'Methodology & Column Desc.'!$A$23
Name TitleRegion4.a26.b31.3: 'Methodology & Column Desc.'!$A$28
Name TitleRegion5.a33.b34.3: 'Methodology & Column Desc.'!$A$35
Name TitleRegion6.a36.b37.3: 'Methodology & Column Desc.'!$A$37
Name TitleRegion7.a39.b40.3: 'Methodology & Column Desc.'!#REF!
Name TitleRegion8.a42.b43.3: 'Methodology & Column Desc.'!$A$40
Name TitleRegion9.a45.b53.3: 'Methodology & Column Desc.'!$A$43
Name TotalMedi_CalDays: #REF!
Name TYPE: #REF!
Name USMONTHS: #REF!
Name USSERIES: #REF!
Name USWT: #REF!
Name USWTMONTHS: #REF!

Sheet Disclaimer
A1: Press TAB to advance to the next cell. Press UP, DOWN, LEFT, or RIGHT ARROW to move cell by cell through the document.
A2: DP/NF-B Rate Study 2027 PUBLIC REVIEW - Disclaimer
A3: This document contains draft guidance for public review for Distinct Part Nursing Facility Level-B (DP/NF-B) in accordance with the Medi-Cal Long-Term Care Reimbursement Act (Welfare & Institutions Code Section 14105), the California Medicaid State Plan (Attachment 4.19-D), and CCR, Title 22, Section 51511. This information has been prepared for public review purposes only and should not be relied upon for any other purpose.

Sheet Methodology & Column Desc.
A1: Press TAB to advance to the next cell. Press UP, DOWN, LEFT, or RIGHT ARROW to move cell by cell through the document.
A2: PUBLIC REVIEW DRAFT - SEE DISCLAIMER
A3: CY 2027 DP/NF-B Ratesetting Data Sources & Calculations
A4: The DP/NF-B rate is the lower of a facility's calculated cost per day or the current hold harmless median of the calculated cost per day of all facilities that have at least 20 percent Medi-Cal days. This page describes the data sources and calculation steps used to develop facility rates in accordance with the Medi-Cal Long-Term Care Reimbursement Act (Welfare & Institutions Code Section 14105), the California Medicaid State Plan (Attachment 4.19-D), and CCR, Title 22, Section 51511.
A5: Section 1. Facility Data
A6: Column | B6: Description
A7: A | B7: Facility Name.
A8: B | B8: National Provider Identifier (NPI).
A9: C | B9: Rural Swing Bed Indicator.
A10: D | B10: Fiscal Year Beginning.
A11: E | B11: Fiscal Year End (FYE).
A12: F | B12: Months Update – months to update from midpoint of Audit/Cost report to midpoint of rate period.
A13: G | B13: Total Days from Audit/Cost Report (DPNF Sch 1 – Line 4).
A14: H | B14: Medi-Cal Days Fee For Service Days (DPNF Sch 1 – Line 15).
A15: I | B15: Medi-Cal Managed Care Days (DPNF Sch 1 – Line 16).
A16: J | B16: Other Days (Total Days – FFS Days – Managed Care Days).
A17: K | B17: Licensed Beds.
A18: Section 2. Capital Costs
A19: Column | B19: Description
A20: L | B20: Sum of Capital Costs consists of Direct Capital Related Costs (DPNF Sch 1 Line 17), and Indirect Capital Related Cost (DPNF Sch 1 Line 18).
A21: Section 3. Salaries, Wages, Benefits (SWB)
A22: Column | B22: Description
A23: M | B23: Sum of SWB Costs consists of Facility Cost x SWB Ratio (SWB as a % of the Total Cost). Capital Cost excluded.
A24: N | B24: SWB Inflation Factor from DOF Economic Forecast for Labor.
A25: O | B25: SWB Inflated Cost - Multiply SWB by the SWB Inflation Factor.
A26: Section 4. All Other Costs
A27: Column | B27: Description
A28: P | B28: All Other Costs (Facility Cost less SWB, less Capital Cost).
A29: Q | B29: All Other Cost Inflation factor based on the California Consumer Price Index (CCPI).
A30: R | B30: Prior Year License Fee.
A31: S | B31: Revised License Fee.
A32: T | B32: All Other Cost inflated. All other Cost less prior year license fee, plus current license fee times inflation factor.
A33: Section 5. Total Projected Costs
A34: Column | B34: Description
A35: U | B35: Sum of Capital Costs (Not Inflated), SWB Inflated & All Other Cost inflated.
A36: Section 6. SB 525 Adjustment
A37: V | B37: SB 525 (SB159) Add-Ons
A38: Section 7. Projected Cost per Day
A39: Column | B39: Description
A40: W | B40: Total projected cost divided by total days,
A41: Section 8. Class Median Calculation
A42: Column | B42: Description
A43: X | B43: Medi-Cal Days Percentage (Medi-Cal Days divided by Total Days).
A44: Y | B44: 20% or above Medi-Cal Days facilities are included in the median calculation.
A45: Z | B45: Compare the projected rate with the median to get the lesser of.
A46: AA | B46: Apply projected rate if the facility has Rural Swing Beds.
A47: AB | B47: Final Swing Bed Rate (the median of all RSB rates).
A48: AC | B48: Hold Harmless Rates (the highest historic rate for a facility).
A49: AD | B49: Final DP/NF-B Per Diem Rate.
A50: AE | B50: Final DP/NF-B Bedhold Per Diem Rate.

Sheet Summary - Rates 2026
A1: Press TAB to advance to the next cell. Press UP, DOWN, LEFT, or RIGHT ARROW to move cell by cell through the document.
A2: PUBLIC REVIEW DRAFT - SEE DISCLAIMER
A3: CY 2026 Median | B3: 2026 Hold Harmless Median | C3: 2026 RSB Median | D3: 2026 RSB Hold Harmless Median
A4: 755.08 | B4: 771.22 | C4: 711.31122 | D4: 711.31122
A6: 2026 DPNF-B Rates
A7: FACILITY NAME | B7: NPI | C7: Rev CD/Value CD Amt (0101-01) | D7: Rev CD/Value CD Amt (0180-02) | E7: Rev CD/Value CD Amt (0180-03)
A8: ALAMEDA CO MEDICAL CENTER | B8: 1235261652 | C8: 771.22 | D8: 761.27 | E8: 761.27
A9: ALAMEDA HOSPITAL | B9: 1396176160 | C9: 684.45131 | D9: 674.50131 | E9: 674.50131
A10: BARTON MEMORIAL HOSPITAL | B10: 1891759502 | C10: 771.22 | D10: 761.27 | E10: 761.27
A11: BEAR VALLEY COMM HOSP | B11: 1073553756 | C11: 771.22 | D11: 761.27 | E11: 761.27
A12: BRUCEVILLE TERRACE of METHODIST HOSPITAL | B12: 1467560599 | C12: 771.22 | D12: 761.27 | E12: 761.27
A13: CALIFORNIA PACIFIC M C-DAVIES CAMPUS | B13: 1215095419 | C13: 771.22 | D13: 761.27 | E13: 761.27
A14: CATALINA ISLAND MEDICAL CENTER | B14: 1346250347 | C14: 704.86 | D14: 694.91 | E14: 694.91
A15: CHAPMAN MEDICAL CENTER | B15: 1477672665 | C15: 771.22 | D15: 761.27 | E15: 761.27
A16: COLUSA MEDICAL CENTER | B16: 1215476734 | C16: 636.04 | D16: 626.09 | E16: 626.09
A17: COMMUNITY HOSPITAL SAN BERNARDINO | B17: 1235290818 | C17: 771.22 | D17: 761.27 | E17: 761.27
A18: COMMUNITY SUBACUTE AND TRANSITIONAL CARE | B18: 1295816569 | C18: 485.20741 | D18: 475.25741 | E18: 475.25741
A19: DELANO COMMUNITY HOSPITAL | B19: 1033247622 | C19: 771.22 | D19: 761.27 | E19: 761.27
... A79: SOUTHERN CALIFORNIA HOSPITAL | B79: 1922350206 | C79: 771.22 | D79: 761.27 | E79: 761.27

Sheet Summary - Rates 2027
A1: Press TAB to advance to the next cell. Press UP, DOWN, LEFT, or RIGHT ARROW to move cell by cell through the document.
A2: PUBLIC REVIEW DRAFT - SEE DISCLAIMER
A3: CY 2027 Median | B3: 2027 Hold Harmless Median | C3: 2027 RSB Median | D3: 2027 RSB Hold Harmless Median
A4: 791.7 | B4: 791.7 | C4: 759.49701 | D4: 759.49701
A6: 2027 DPNF-B Rates
A7: FACILITY NAME | B7: NPI | C7: Rev CD/Value CD Amt (0101-01) | D7: Rev CD/Value CD Amt (0180-02) | E7: Rev CD/Value CD Amt (0180-03)
A8: ALAMEDA CO MEDICAL CENTER | B8: 1235261652 | C8: 791.7 | D8: 781.25 | E8: 781.25
A9: ALAMEDA HOSPITAL | B9: 1396176160 | C9: 732.00137 | D9: 721.55137 | E9: 721.55137
A10: BARTON MEMORIAL HOSPITAL | B10: 1891759502 | C10: 791.7 | D10: 781.25 | E10: 781.25
A11: BEAR VALLEY COMM HOSP | B11: 1073553756 | C11: 771.22 | D11: 760.77 | E11: 760.77
A12: BRUCEVILLE TERRACE of METHODIST HOSPITAL | B12: 1467560599 | C12: 782.62445 | D12: 772.17445 | E12: 772.17445
A13: CALIFORNIA PACIFIC M C-DAVIES CAMPUS | B13: 1215095419 | C13: 791.7 | D13: 781.25 | E13: 781.25
A14: CATALINA ISLAND MEDICAL CENTER | B14: 1346250347 | C14: 791.7 | D14: 781.25 | E14: 781.25
A15: CHAPMAN MEDICAL CENTER | B15: 1477672665 | C15: 791.7 | D15: 781.25 | E15: 781.25
A16: COMMUNITY HOSPITAL SAN BERNARDINO | B16: 1235290818 | C16: 791.7 | D16: 781.25 | E16: 781.25
A17: COMMUNITY SUBACUTE AND TRANSITIONAL CARE | B17: 1295816569 | C17: 485.20741 | D17: 474.75741 | E17: 474.75741
A18: DELANO COMMUNITY HOSPITAL | B18: 1033247622 | C18: 773.51489 | D18: 763.06489 | E18: 763.06489
A19: DESERT REGIONAL MED CNTR | B19: 1104856095 | C19: 791.7 | D19: 781.25 | E19: 781.25
... A69: WHITE MEMORIAL HOSPITAL | B69: 1942281936 | C69: 791.7 | D69: 781.25 | E69: 781.25
A72: Interim
A73: FACILITY NAME | B73: NPI | C73: Rev CD/Value CD Amt (0101-01) | D73: Rev CD/Value CD Amt (0180-02) | E73: Rev CD/Value CD Amt (0180-03)
A74: JEROLD PHELPS COMMUNITY HOSPITAL | B74: 1245458421 | C74: 704.86 | D74: 694.41 | E74: 694.41
A75: HEMET VALLEY MED CNTR | B75: 1184936023 | C75: 704.86 | D75: 694.41 | E75: 694.41
A76: PIH HEALTH GOOD SAMARITAN | B76: 1083895627 | C76: 704.86 | D76: 694.41 | E76: 694.41
A77: CHINESE HOSP | B77: 1073298196 | C77: 704.86 | D77: 694.41 | E77: 694.41
A78: COALINGA REGIONAL MEDICAL CENTER | B78: 1801452941 | C78: 557.88441 | D78: 547.43441 | E78: 547.43441
A79: SOUTHERN CALIFORNIA HOSPITAL | B79: 1922350206 | C79: 771.22 | D79: 760.77 | E79: 760.77
A81: Late
A82: COLUSA MEDICAL CENTER | B82: 1215476734 | C82: 636.04 | D82: 625.59 | E82: 625.59
A83: NORTHERN CALIFORNIA REHAB HOSPITAL | B83: 1770524928 | C83: 771.22 | D83: 760.77 | E83: 760.77
A84: OROVILLE HOSPITAL | B84: 1427006485 | C84: 582.74249 | D84: 572.29249 | E84: 572.29249
A85: PACIFICA HOSPITAL-VALLEY | B85: 1891872883 | C85: 771.22 | D85: 760.77 | E85: 760.77

Sheet 2027 Calcs
A1: Press TAB to advance to the next cell. Press UP, DOWN, LEFT, or RIGHT ARROW to move cell by cell through the document.
A2: PUBLIC REVIEW DRAFT - SEE DISCLAIMER
B3: Prior Year 2026 Hold Harmless Median | C3: 2027 Median | D3: 2027 Hold Harmless Median | E3: Count | F3: Bedhold | G3: Rate % Change
A4: DPNF-B Class Median | B4: 771.22 | C4: 791.7 | D4: 791.7 | E4: 42 | F4: 10.45 | G4: 0.026555328
A5: RSB Median | B5: 711.31122 | C5: 759.49701 | D5: 759.49701 | E5: 21 | F5: 10.45 | G5: 0.067742217 | Y5: Median | AA5: Rural Swing Bed Median
Y6: 791.7 | AA6: 759.49701
A7: DPNF-B Per Diem Rate Calculations for CY 2026 | B7: 46569 | C7: Rate Period Midpoint | L7: Capital Costs (Not Inflated) | M7: Salaries, Wages and Benefits (Inflated: Labor Study Factor) | P7: All Other Costs (Inflated: CCPI) | U7: Total Projected Costs | W7: Projected Cost | X7: Class Median Calculation | AC7: Hold Harmless | AD7: Final DPNF-B Per Diem Rate | AE7: Final DPNF-B Bedhold Per Diem Rate
A8: FACILITY NAME | B8: NPI | C8: Rural Swing Bed | D8: Fiscal Year Beginning | E8: Fiscal Year Ending | F8: Months Update | G8: Total Days | H8: Medi-Cal Fee For Service Days | I8: Medi-Cal Managed Care Days | J8: Other Days | K8: License Beds | L8: Capital Cost (DPNF Sch 1, Line 19) | M8: Labor Costs | N8: Labor Inflation Factor | O8: Inflated Labor Cost | P8: ALL OTHER COSTS | Q8: All Other Costs Inflation Factor (CCPI) | R8: License Fee - Prior | S8: License Fee - Revised | T8: All Other Costs Inflated with License Fee | U8: Sum of Inflated Costs | V8: SB 525 Add-On | W8: Calculated Cost Per Day | X8: Medi-Cal Days % | Y8: 20% Medi-Cal Days | Z8: Projected DPNF-B Rate | AA8: Swing Bed Projected Rate | AB8: Final Swing Bed Rate | AC8: Hold Harmless Rate (2026) | AD8: Final DPNF-B Rate | AE8: Final DPNF-B Bedhold Rate
A9: A | B9: B | C9: C | D9: D | E9: E | F9: F | G9: G | H9: H | I9: I | J9: J=G-H-I | K9: K | L9: L | M9: M - Refer to Methodology Section 3 | N9: N | O9: O=M*N | P9: P - Refer to Methodology Section 4, All Other Cost | Q9: Q | R9: R | S9: S | T9: T=((P-(R*K))*Q)+(S*K) | U9: U=L+O+T | V9: V | W9: W=(U/G)+V | X9: X | Y9: Y=IF(Z>=20%,Y,0) | Z9: Z=IF(Y>Median,Median,Y) | AA9: AA=IF(C="Y" and X>0%,Z,0) | AB9: AB=IF(AC<>0 or C="Y",RSB Median,0) | AC9: AC | AD9: AD | AE9: AE
A10: ALAMEDA CO MEDICAL CENTER | B10: 1235261652 | D10: 45108 | E10: 45473 | F10: 42 | G10: 41970 | H10: 3590 | I10: 37766 | J10: 614 | K10: 135 | L10: 2876558 | M10: 22526109 | N10: 1.1440217 | O10: 25770357 | P10: 16860206 | Q10: 1.1255124 | R10: 1061 | S10: 1061 | T10: 18958392 | U10: 47605308 | V10: 0 | W10: 1134.2699 | X10: 0.9853705 | Y10: 1134.2699 | Z10: 791.7 | AA10: 0 | AB10: 0 | AC10: 771.22 | AD10: 791.7 | AE10: 781.25
A11: ALAMEDA HOSPITAL | B11: 1396176160 | D11: 45108 | E11: 45473 | F11: 42 | G11: 46651 | H11: 3715 | I11: 28580 | J11: 14356 | K11: 146 | L11: 329263 | M11: 17034898 | N11: 1.1440217 | O11: 19488293 | P11: 12750178 | Q11: 1.1255124 | R11: 1061 | S11: 1061 | T11: 14331040 | U11: 34148596 | V11: 0 | W11: 732.00137 | X11: 0.69226812 | Y11: 732.00137 | Z11: 732.00137 | AA11: 0 | AB11: 0 | AC11: 684.45131 | AD11: 732.00137 | AE11: 721.55137
A12: BARTON MEMORIAL HOSPITAL | B12: 1891759502 | C12: Y | D12: 45292 | E12: 45657 | F12: 36 | G12: 15864 | H12: 1360 | I12: 13245 | J12: 1259 | K12: 48 | L12: 404688 | M12: 6683835.9 | N12: 1.101166 | O12: 7360013.1 | P12: 5002677.1 | Q12: 1.0977053 | R12: 1061 | S12: 1061 | T12: 5486489 | U12: 13251190 | V12: 0 | W12: 835.29943 | X12: 0.92063792 | Y12: 835.29943 | Z12: 791.7 | AA12: 791.7 | AB12: 759.49701 | AC12: 771.22 | AD12: 791.7 | AE12: 781.25
A13: BEAR VALLEY COMM HOSP | B13: 1073553756 | C13: Y | D13: 45108 | E13: 45473 | F13: 42 | G13: 7120 | H13: 2516 | I13: 0 | J13: 4604 | K13: 21 | L13: 166958 | M13: 2542299.2 | N13: 1.1440217 | O13: 2908445.5 | P13: 1902844.8 | Q13: 1.1255124 | R13: 1061 | S13: 1061 | T13: 2138878.8 | U13: 5214282.2 | V13: 0 | W13: 732.34301 | X13: 0.35337079 | Y13: 732.34301 | Z13: 732.34301 | AA13: 732.34301 | AB13: 759.49701 | AC13: 771.22 | AD13: 771.22 | AE13: 760.77
A14: BRUCEVILLE TERRACE of METHODIST HOSPITAL | B14: 1467560599 | D14: 45292 | E14: 45657 | F14: 36 | G14: 59945 | H14: 6275 | I14: 37023 | J14: 16647 | K14: 171 | L14: 522764 | M14: 24136735 | N14: 1.101166 | O14: 26578552 | P14: 18065717 | Q14: 1.0977053 | R14: 1061 | S14: 1061 | T14: 19813106 | U14: 46914423 | V14: 0 | W14: 782.62445 | X14: 0.72229544 | Y14: 782.62445 | Z14: 782.62445 | AA14: 0 | AB14: 0 | AC14: 771.22 | AD14: 782.62445 | AE14: 772.17445
A15: CALIFORNIA PACIFIC M C-DAVIES CAMPUS | B15: 1215095419 | D15: 45292 | E15: 45657 | F15: 36 | G15: 8434 | H15: 490 | I15: 2640 | J15: 5304 | K15: 29 | L15: 666494 | M15: 7382367.9 | N15: 1.101166 | O15: 8129212.8 | P15: 5525510.1 | Q15: 1.0977053 | R15: 1061 | S15: 1061 | T15: 6062375.2 | U15: 14858082 | V15: 0 | W15: 1761.6886 | X15: 0.37111691 | Y15: 1761.6886 | Z15: 791.7 | AA15: 0 | AB15: 0 | AC15: 771.22 | AD15: 791.7 | AE15: 781.25
A16: CATALINA ISLAND MEDICAL CENTER | B16: 1346250347 | C16: Y | D16: 45108 | E16: 45473 | F16: 42 | G16: 1130 | H16: 203 | I16: 0 | J16: 927 | K16: 4 | L16: 26581 | M16: 483439.86 | N16: 1.1440217 | O16: 553065.68 | P16: 361842.14 | Q16: 1.1255124 | R16: 1342 | S16: 1422 | T16: 406904.05 | U16: 986550.73 | V16: 0 | W16: 873.05375 | X16: 0.17964602 | Y16: 0 | Z16: 791.7 | AA16: 791.7 | AB16: 759.49701 | AC16: 704.86 | AD16: 791.7 | AE16: 781.25
A17: CHAPMAN MEDICAL CENTER | B17: 1477672665 | D17: 45292 | E17: 45657 | F17: 36 | G17: 8500 | H17: 0 | I17: 0 | J17: 8500 | K17: 27 | L17: 389372 | M17: 7632041 | N17: 1.101166 | O17: 8404144.4 | P17: 5712384 | Q17: 1.0977053 | R17: 1061 | S17: 1061 | T17: 6267715 | U17: 15061231 | V17: 0 | W17: 1771.9096 | X17: 0 | Y17: 0 | Z17: 791.7 | AA17: 0 | AB17: 0 | AC17: 771.22 | AD17: 791.7 | AE17: 781.25
A18: COMMUNITY HOSPITAL SAN BERNARDINO | B18: 1235290818 | D18: 45292 | E18: 45657 | F18: 36 | G18: 32023 | H18: 0 | I18: 0 | J18: 32023 | K18: 88 | L18: 384400 | M18: 16028084 | N18: 1.101166 | O18: 17649581 | P18: 11996603 | Q18: 1.0977053 | R18: 1061 | S18: 1061 | T18: 13159612 | U18: 31193593 | V18: 0 | W18: 974.09966 | X18: 0 | Y18: 0 | Z18: 791.7 | AA18: 0 | AB18: 0 | AC18: 771.22 | AD18: 791.7 | AE18: 781.25
A19: COMMUNITY SUBACUTE AND TRANSITIONAL CARE | B19: 1295816569 | D19: 45170 | E19: 45535 | F19: 40 | G19: 19694 | H19: 3520 | I19: 13506 | J19: 2668 | K19: 58 | L19: 404571 | M19: 4200350.2 | N19: 1.1353243 | O19: 4768759.8 | P19: 3143852.8 | Q19: 1.113539 | R19: 1061 | S19: 1061 | T19: 3493815.8 | U19: 8667146.5 | V19: 0 | W19: 440.09071 | X19: 0.86452727 | Y19: 440.09071 | Z19: 440.09071 | AA19: 0 | AB19: 0 | AC19: 485.20741 | AD19: 485.20741 | AE19: 474.75741
A20: DELANO COMMUNITY HOSPITAL | B20: 1033247622 | D20: 45292 | E20: 45657 | F20: 36 | G20: 2599 | H20: 0 | I20: 1901 | J20: 698 | K20: 8 | L20: 51594 | M20: 1019155 | N20: 1.101166 | O20: 1122258.9 | P20: 762810.99 | Q20: 1.0977053 | R20: 1061 | S20: 1061 | T20: 836512.31 | U20: 2010365.2 | V20: 0 | W20: 773.51489 | X20: 0 | Y20: 0 | Z20: 773.51489 | AA20: 0 | AB20: 0 | AC20: 771.22 | AD20: 773.51489 | AE20: 763.06489
A21: DESERT REGIONAL MED CNTR | B21: 1104856095 | D21: 45078 | E21: 45443 | F21: 43 | G21: 5039 | H21: 0 | I21: 0 | J21: 5039 | K21: 0 | L21: 247719 | M21: 3855267.6 | N21: 1.1474486 | O21: 4423721.5 | P21: 2885567.4 | Q21: 1.1293194 | R21: 1061 | S21: 1061 | T21: 3258727.3 | U21: 7930167.7 | V21: 0 | W21: 1573.7582 | X21: 0 | Y21: 0 | Z21: 791.7 | AA21: 0 | AB21: 0 | AC21: 771.22 | AD21: 791.7 | AE21: 781.25
A22: EASTERN PLUMAS DISTRICT | B22: 1609872415 | C22: Y | D22: 45108 | E22: 45473 | F22: 42 | G22: 21580 | H22: 2520 | I22: 17493 | J22: 1567 | K22: 66 | L22: 153925 | M22: 5816981.1 | N22: 1.1440217 | O22: 6654752.6 | P22: 4353858.9 | Q22: 1.1255124 | R22: 1061 | S22: 1061 | T22: 4891532.8 | U22: 11700210 | V22: 0.62 | W22: 542.79842 | X22: 0.92738647 | Y22: 542.79842 | Z22: 542.79842 | AA22: 542.79842 | AB22: 759.49701 | AC22: 609.8241 | AD22: 609.8241 | AE22: 599.3741
A23: EDGEMOOR GERIATRIC HOSP | B23: 1962556290 | D23: 45108 | E23: 45473 | F23: 42 | G23: 56848 | H23: 3235 | I23: 47131 | J23: 6482 | K23: 192 | L23: 0 | M23: 36593012 | N23: 1.1440217 | O23: 41863199 | P23: 27388916 | Q23: 1.1255124 | R23: 1061 | S23: 1061 | T23: 30800995 | U23: 72664194 | V23: 0 | W23: 1278.219 | X23: 0 | Y23: 0 | Z23: 791.7 | AA23: 0 | AB23: 0 | AC23: 818.96 | AD23: 818.96 | AE23: 808.51 | AF23: 3.17
A24: ENCINO-TARZANA REG M C | B24: 1619141298 | D24: 45292 | E24: 45657 | F24: 36 | G24: 9097 | H24: 0 | I24: 0 | J24: 9097 | K24: 28 | L24: 412430 | M24: 6697543.8 | N24: 1.101166 | O24: 7375107.8 | P24: 5012937.2 | Q24: 1.0977053 | R24: 1342 | S24: 1422 | T24: 5501296.1 | U24: 13288834 | V24: 0 | W24: 1460.793 | X24: 0 | Y24: 0 | Z24: 791.7 | AA24: 0 | AB24: 0 | AC24: 771.22 | AD24: 791.7 | AE24: 781.25
A25: GEORGE L. MEE HOSPITAL | B25: 1225228646 | C25: Y | D25: 45200 | E25: 45565 | F25: 39 | G25: 11400 | H25: 49 | I25: 2366 | J25: 8985 | K25: 48 | L25: 270625 | M25: 4717882.7 | N25: 1.1282016 | O25: 5322722.8 | P25: 3531212.3 | Q25: 1.1095049 | R25: 1061 | S25: 1061 | T25: 3912320.5 | U25: 9505668.3 | V25: 0 | W25: 833.83055 | X25: 0.21184211 | Y25: 833.83055 | Z25: 791.7 | AA25: 791.7 | AB25: 759.49701 | AC25: 744.43277 | AD25: 791.7 | AE25: 781.25
A26: GROSSMONT HOSPITAL | B26: 1417930249 | D26: 45200 | E26: 45565 | F26: 39 | G26: 5197 | H26: 102 | I26: 1309 | J26: 3786 | K26: 30 | L26: 571933 | M26: 3239011.9 | N26: 1.1282016 | O26: 3654258.4 | P26: 2424316.1 | Q26: 1.1095049 | R26: 1061 | S26: 1061 | T26: 2686305 | U26: 6912496.4 | V26: 0 | W26: 1330.0936 | X26: 0.27150279 | Y26: 1330.0936 | Z26: 791.7 | AA26: 0 | AB26: 0 | AC26: 771.22 | AD26: 791.7 | AE26: 781.25
A27: HAZEL HAWKINS CONVALESCENT HOSP | B27: 1467585471 | C27: Y | D27: 45108 | E27: 45473 | F27: 42 | G27: 32599 | H27: 15746 | I27: 0 | J27: 16853 | K27: 119 | L27: 154807 | M27: 13846375 | N27: 1.1440217 | O27: 15840553 | P27: 10363651 | Q27: 1.1255124 | R27: 1061 | S27: 1061 | T27: 11648570 | U27: 27643931 | V27: 0 | W27: 847.99934 | X27: 0.48302095 | Y27: 847.99934 | Z27: 791.7 | AA27: 791.7 | AB27: 759.49701 | AC27: 771.22 | AD27: 791.7 | AE27: 781.25
A28: HI-DESERT MED CTR-JOSHUA | B28: 1639565088 | C28: Y | D28: 45078 | E28: 45443 | F28: 43 | G28: 27999 | H28: 1198 | I28: 24706 | J28: 2095 | K28: 95 | L28: 353787 | M28: 6481999.9 | N28: 1.1474486 | O28: 7437761.8 | P28: 4851608.1 | Q28: 1.1293194 | R28: 1061 | S28: 1061 | T28: 5465980.5 | U28: 13257529 | V28: 0 | W28: 473.5001 | X28: 0.9251759 | Y28: 473.5001 | Z28: 473.5001 | AA28: 473.5001 | AB28: 759.49701 | AC28: 497.24094 | AD28: 497.24094 | AE28: 486.79094
A29: HOLLYWOOD PRESBYTERIAN | B29: 1336164151 | D29: 45292 | E29: 45657 | F29: 36 | G29: 27397 | H29: 0 | I29: 0 | J29: 27397 | K29: 89 | L29: 425003 | M29: 20210022 | N29: 1.101166 | O29: 22254590 | P29: 15126676 | Q29: 1.0977053 | R29: 1342 | S29: 1422 | T29: 16600082 | U29: 39279675 | V29: 0 | W29: 1433.7218 | X29: 0 | Y29: 0 | Z29: 791.7 | AA29: 0 | AB29: 0 | AC29: 771.22 | AD29: 791.7 | AE29: 781.25
A30: HOLY CROSS HOSPITAL (Providence) | B30: 1750309837 | D30: 45292 | E30: 45657 | F30: 36 | G30: 15560 | H30: 0 | I30: 0 | J30: 15560 | K30: 48 | L30: 962624 | M30: 12831860 | N30: 1.101166 | O30: 14130008 | P30: 9604313 | Q30: 1.0977053 | R30: 1342 | S30: 1422 | T30: 10540251 | U30: 25632884 | V30: 0 | W30: 1647.3576 | X30: 0 | Y30: 0 | Z30: 791.7 | AA30: 0 | AB30: 0 | AC30: 771.22 | AD30: 791.7 | AE30: 781.25
A31: JEWISH HOME FOR THE AGED | B31: 1275525115 | D31: 45108 | E31: 45473 | F31: 42 | G31: 124146 | H31: 3175 | I31: 86821 | J31: 34150 | K31: 362 | L31: 7079926 | M31: 44934433 | N31: 1.1440217 | O31: 51405966 | P31: 33632253 | Q31: 1.1255124 | R31: 1061 | S31: 1061 | T31: 37805309 | U31: 96291201 | V31: 0 | W31: 775.62871 | X31: 0.72492066 | Y31: 775.62871 | Z31: 775.62871 | AA31: 0 | AB31: 0 | AC31: 755.0797 | AD31: 775.62871 | AE31: 765.17871
A32: JOHN C. FREMONT HEALTHCARE DIST | B32: 1841342334 | C32: Y | D32: 45108 | E32: 45473 | F32: 42 | G32: 5822 | H32: 543 | I32: 2249 | J32: 3030 | K32: 16 | L32: 142111 | M32: 2476145.5 | N32: 1.1440217 | O32: 2832764.2 | P32: 1853330.5 | Q32: 1.1255124 | R32: 1061 | S32: 1061 | T32: 2083815.6 | U32: 5058690.8 | V32: 0.56 | W32: 869.45228 | X32: 0.47956029 | Y32: 869.45228 | Z32: 791.7 | AA32: 791.7 | AB32: 759.49701 | AC32: 705.62139 | AD32: 791.7 | AE32: 781.25
A33: JOYCE EISENBERG KEEFER MEDICAL CTR | B33: 1487681631 | D33: 45170 | E33: 45535 | F33: 40 | G33: 84726 | H33: 4262 | I33: 68364 | J33: 12100 | K33: 239 | L33: 3572189 | M33: 21559069 | N33: 1.1353243 | O33: 24476535 | P33: 16136402 | Q33: 1.113539 | R33: 1342 | S33: 1422 | T33: 17951217 | U33: 45999941 | V33: 0 | W33: 542.92592 | X33: 0.8571867 | Y33: 542.92592 | Z33: 542.92592 | AA33: 0 | AB33: 0 | AC33: 568.85066 | AD33: 568.85066 | AE33: 558.40066
A34: KAWEAH DELTA DIST HOSP | B34: 1093776338 | D34: 45108 | E34: 45473 | F34: 42 | G34: 4129 | H34: 414 | I34: 343 | J34: 3372 | K34: 38 | L34: 81005 | M34: 1402440.7 | N34: 1.1440217 | O34: 1604422.6 | P34: 1049690.3 | Q34: 1.1255124 | R34: 1061 | S34: 1061 | T34: 1176379 | U34: 2861806.6 | V34: 0 | W34: 693.09919 | X34: 0.18333737 | Y34: 0 | Z34: 693.09919 | AA34: 0 | AB34: 0 | AC34: 771.22 | AD34: 771.22 | AE34: 760.77
A35: KERN VALLEY HOSP DISTRICT | B35: 1427049964 | C35: Y | D35: 45108 | E35: 45473 | F35: 42 | G35: 15665 | H35: 755 | I35: 11663 | J35: 3247 | K35: 74 | L35: 250353 | M35: 3987337.1 | N35: 1.1440217 | O35: 4561600.1 | P35: 2984417.9 | Q35: 1.1255124 | R35: 1061 | S35: 1061 | T35: 3349144.8 | U35: 8161097.9 | V35: 1.17 | W35: 522.14656 | X35: 0.79272263 | Y35: 522.14656 | Z35: 522.14656 | AA35: 522.14656 | AB35: 759.49701 | AC35: 503.36534 | AD35: 522.14656 | AE35: 511.69656
A36: KINDRED HOSPITAL BREA | B36: 1629240577 | D36: 45170 | E36: 45535 | F36: 40 | G36: 4280 | H36: 200 | I36: 731 | J36: 3349 | K36: 24 | L36: 59665 | M36: 1621172.6 | N36: 1.1353243 | O36: 1840556.6 | P36: 1213405.4 | Q36: 1.113539 | R36: 1061 | S36: 1061 | T36: 1348283.1 | U36: 3248504.8 | V36: 0 | W36: 758.99644 | X36: 0.21752336 | Y36: 758.99644 | Z36: 758.99644 | AA36: 0 | AB36: 0 | AC36: 771.22 | AD36: 771.22 | AE36: 760.77
A37: LA DOWNTOWN MEDICAL CENTER | B37: 1780183335 | D37: 45292 | E37: 45657 | F37: 36 | G37: 12078 | H37: 0 | I37: 0 | J37: 12078 | K37: 33 | L37: 323641 | M37: 2361096.6 | N37: 1.101166 | O37: 2599959.4 | P37: 1767219.4 | Q37: 1.0977053 | R37: 1342 | S37: 1422 | T37: 1938199 | U37: 4861799.4 | V37: 0 | W37: 402.53349 | X37: 0 | Y37: 0 | Z37: 402.53349 | AA37: 0 | AB37: 0 | AC37: 636.04 | AD37: 636.04 | AE37: 625.59
A38: LAGUNA HONDA HOSPITAL | B38: 1417997370 | D38: 45108 | E38: 45473 | F38: 42 | G38: 164258 | H38: 15773 | I38: 147366 | J38: 1119 | K38: 769 | L38: 18826496 | M38: 1.6950588e+08 | N38: 1.1440217 | O38: 1.939184e+08 | P38: 1.2687073e+08 | Q38: 1.1255124 | R38: 1061 | S38: 1061 | T38: 1.4269217e+08 | U38: 3.5543707e+08 | V38: 0 | W38: 2163.895 | X38: 0.99318755 | Y38: 2163.895 | Z38: 791.7 | AA38: 0 | AB38: 0 | AC38: 771.22 | AD38: 791.7 | AE38: 781.25
A39: LOMPOC VALLEY MEDICAL CENTER | B39: 1376539130 | C39: Y | D39: 45108 | E39: 45473 | F39: 42 | G39: 32509 | H39: 1312 | I39: 25609 | J39: 5588 | K39: 110 | L39: 268109 | M39: 10052613 | N39: 1.1440217 | O39: 11500407 | P39: 7524119 | Q39: 1.1255124 | R39: 1061 | S39: 1061 | T39: 8453840.4 | U39: 20222357 | V39: 0 | W39: 622.0541 | X39: 0.82810914 | Y39: 622.0541 | Z39: 622.0541 | AA39: 622.0541 | AB39: 759.49701 | AC39: 605.96737 | AD39: 622.0541 | AE39: 611.6041
A40: MARIAN MEDICAL CENTER | B40: 1144358953 | D40: 45108 | E40: 45473 | F40: 42 | G40: 31203 | H40: 2844 | I40: 15611 | J40: 12748 | K40: 95 | L40: 678243 | M40: 10661436 | N40: 1.1440217 | O40: 12196914 | P40: 7979807.1 | Q40: 1.1255124 | R40: 1061 | S40: 1061 | T40: 8968720.5 | U40: 21843877 | V40: 0 | W40: 700.05696 | X40: 0.59144954 | Y40: 700.05696 | Z40: 700.05696 | AA40: 0 | AB40: 0 | AC40: 641.84326 | AD40: 700.05696 | AE40: 689.60696
A41: MAYERS MEMORIAL HOSPITAL | B41: 1386763456 | C41: Y | D41: 45108 | E41: 45473 | F41: 42 | G41: 28870 | H41: 644 | I41: 26109 | J41: 2117 | K41: 99 | L41: 1008558 | M41: 9535443.1 | N41: 1.1440217 | O41: 10908754 | P41: 7137030.9 | Q41: 1.1255124 | R41: 1061 | S41: 1061 | T41: 8019632.7 | U41: 19936945 | V41: 0.33 | W41: 690.90653 | X41: 0.92667129 | Y41: 690.90653 | Z41: 690.90653 | AA41: 690.90653 | AB41: 759.49701 | AC41: 631.36579 | AD41: 690.90653 | AE41: 680.45653
A42: MEMORIAL HOSPITAL OF GARDENA | B42: 1811107410 | D42: 45292 | E42: 45657 | F42: 36 | G42: 22257 | H42: 0 | I42: 0 | J42: 22257 | K42: 69 | L42: 2065229 | M42: 9580234.2 | N42: 1.101166 | O42: 10549428 | P42: 7170555.8 | Q42: 1.0977053 | R42: 1342 | S42: 1422 | T42: 7867629.5 | U42: 20482287 | V42: 0 | W42: 920.2627 | X42: 0 | Y42: 0 | Z42: 791.7 | AA42: 0 | AB42: 0 | AC42: 771.22 | AD42: 791.7 | AE42: 781.25
A43: MODOC MEDICAL CENTER | B43: 1326146333 | C43: Y | D43: 45108 | E43: 45473 | F43: 42 | G43: 17584 | H43: 285 | I43: 16607 | J43: 692 | K43: 50 | L43: 161366 | M43: 5005186.4 | N43: 1.1440217 | O43: 5726041.8 | P43: 3746251.6 | Q43: 1.1255124 | R43: 1061 | S43: 1061 | T43: 4209794.1 | U43: 10097202 | V43: 0.44 | W43: 574.66667 | X43: 0.96064604 | Y43: 574.66667 | Z43: 574.66667 | AA43: 574.66667 | AB43: 759.49701 | AC43: 605.33926 | AD43: 605.33926 | AE43: 594.88926
A44: MOTION PICTURE & TV HOSP | B44: 1336289966 | D44: 45292 | E44: 45657 | F44: 36 | G44: 31771 | H44: 2700 | I44: 27787 | J44: 1284 | K44: 110 | L44: 749100 | M44: 13833650 | N44: 1.101166 | O44: 15233145 | P44: 10354126 | Q44: 1.0977053 | R44: 1342 | S44: 1422 | T44: 11360156 | U44: 27342401 | V44: 0 | W44: 860.60876 | X44: 0.95958579 | Y44: 860.60876 | Z44: 791.7 | AA44: 0 | AB44: 0 | AC44: 771.22 | AD44: 791.7 | AE44: 781.25
A45: MOUNTAINS COMMUNITY HOSP | B45: 1174674246 | C45: Y | D45: 45108 | E45: 45473 | F45: 42 | G45: 7124 | H45: 0 | I45: 7044 | J45: 80 | K45: 20 | L45: 380017 | M45: 2533833 | N45: 1.1440217 | O45: 2898759.9 | P45: 1896508 | Q45: 1.1255124 | R45: 1061 | S45: 1061 | T45: 2131879.8 | U45: 5410656.7 | V45: 0 | W45: 759.49701 | X45: 0.98877035 | Y45: 759.49701 | Z45: 759.49701 | AA45: 759.49701 | AB45: 759.49701 | AC45: 771.22 | AD45: 771.22 | AE45: 760.77
A46: OAKDALE NURSING AND REHABILITATION CENTER | B46: 1861533648 | D46: 45108 | E46: 45473 | F46: 42 | G46: 31157 | H46: 2439 | I46: 25748 | J46: 2970 | K46: 115 | L46: 1429259 | M46: 8376729.3 | N46: 1.1440217 | O46: 9583160 | P46: 6269763.7 | Q46: 1.1255124 | R46: 1061 | S46: 1061 | T46: 7041382.2 | U46: 18053801 | V46: 2.12 | W46: 581.56607 | X46: 0.90467632 | Y46: 581.56607 | Z46: 581.56607 | AA46: 0 | AB46: 0 | AC46: 659.44776 | AD46: 659.44776 | AE46: 648.99776
A47: OJAI VALLEY COMM HOSPITAL | B47: 1770659153 | C47: Y | D47: 45292 | E47: 45657 | F47: 36 | G47: 26221 | H47: 4020 | I47: 16053 | J47: 6148 | K47: 75 | L47: 657492 | M47: 12040732 | N47: 1.101166 | O47: 13258846 | P47: 9012174.6 | Q47: 1.0977053 | R47: 1061 | S47: 1061 | T47: 9884936.6 | U47: 23801274 | V47: 0 | W47: 907.71802 | X47: 0.76553144 | Y47: 907.71802 | Z47: 791.7 | AA47: 791.7 | AB47: 759.49701 | AC47: 771.22 | AD47: 791.7 | AE47: 781.25
A48: PALOMAR POMERADO HEALTH VILLA POMERADO | B48: 1619947090 | D48: 45108 | E48: 45473 | F48: 42 | G48: 23202 | H48: 1778 | I48: 10772 | J48: 10652 | K48: 93 | L48: 742198 | M48: 8974503.1 | N48: 1.1440217 | O48: 10267026 | P48: 6717181.9 | Q48: 1.1255124 | R48: 1061 | S48: 1061 | T48: 7547886.5 | U48: 18557111 | V48: 0.97 | W48: 800.77651 | X48: 0.54090165 | Y48: 800.77651 | Z48: 791.7 | AA48: 0 | AB48: 0 | AC48: 704.86 | AD48: 791.7 | AE48: 781.25
A49: IMPERIAL VALLEY HEALTHCARE | B49: 1184429185 | D49: 45108 | E49: 45473 | F49: 42 | G49: 29172 | H49: 2260 | I49: 6406 | J49: 20506 | K49: 99 | L49: 118333 | M49: 10134779 | N49: 1.1440217 | O49: 11594407 | P49: 7585618.1 | Q49: 1.1255124 | R49: 1061 | S49: 1061 | T49: 8524523.2 | U49: 20237263 | V49: 0 | W49: 693.72217 | X49: 0.29706568 | Y49: 693.72217 | Z49: 693.72217 | AA49: 0 | AB49: 0 | AC49: 704.86 | AD49: 704.86 | AE49: 694.41
A50: PROVIDENCE LITTLE CO. OF MARY HOSP TRANS CARE CTR | B50: 1952348518 | D50: 45292 | E50: 45657 | F50: 36 | G50: 19304 | H50: 27 | I50: 478 | J50: 18799 | K50: 115 | L50: 592576 | M50: 13961323 | N50: 1.101166 | O50: 15373735 | P50: 10449687 | Q50: 1.0977053 | R50: 1342 | S50: 1422 | T50: 11464797 | U50: 27431108 | V50: 0 | W50: 1421.0064 | X50: 0.026160381 | Y50: 0 | Z50: 791.7 | AA50: 0 | AB50: 0 | AC50: 771.22 | AD50: 791.7 | AE50: 781.25
A51: PROVIDENCE LITTLE CO. OF MARY S/A CARE CTR | B51: 1770639809 | D51: 45292 | E51: 45657 | F51: 36 | G51: 37166 | H51: 0 | I51: 0 | J51: 37166 | K51: 125 | L51: 790145 | M51: 23709347 | N51: 1.101166 | O51: 26107927 | P51: 17745828 | Q51: 1.0977053 | R51: 1342 | S51: 1422 | T51: 19473299 | U51: 46371371 | V51: 0 | W51: 1247.6826 | X51: 0 | Y51: 0 | Z51: 791.7 | AA51: 0 | AB51: 0 | AC51: 771.22 | AD51: 791.7 | AE51: 781.25
A52: RADY CHILDREN'S HOSPITAL | B52: 1114091055 | D52: 45108 | E52: 45473 | F52: 42 | G52: 5747 | H52: 1884 | I52: 2808 | J52: 1055 | K52: 20 | L52: 559140 | M52: 4592170.8 | N52: 1.1440217 | O52: 5253543 | P52: 3437120.2 | Q52: 1.1255124 | R52: 1061 | S52: 1061 | T52: 3865857.9 | U52: 9678540.9 | V52: 0 | W52: 1684.1032 | X52: 0.81642596 | Y52: 1684.1032 | Z52: 791.7 | AA52: 0 | AB52: 0 | AC52: 771.22 | AD52: 791.7 | AE52: 781.25
A53: RIDGECREST REGIONAL TRANSITIONAL CARE | B53: 1669734653 | C53: Y | D53: 45292 | E53: 45657 | F53: 36 | G53: 23169 | H53: 2463 | I53: 16729 | J53: 3977 | K53: 125 | L53: 674663 | M53: 8090263.5 | N53: 1.101166 | O53: 8908723.3 | P53: 6055351.5 | Q53: 1.0977053 | R53: 1061 | S53: 1061 | T53: 6634033.1 | U53: 16217419 | V53: 0 | W53: 699.96199 | X53: 0.82834822 | Y53: 699.96199 | Z53: 699.96199 | AA53: 699.96199 | AB53: 759.49701 | AC53: 771.22 | AD53: 771.22 | AE53: 760.77
A54: SAN FRANCISCO GENERAL HOSP (Zuckerberg) | B54: 1285677518 | D54: 45108 | E54: 45473 | F54: 42 | G54: 9746 | H54: 1382 | I54: 6181 | J54: 2183 | K54: 30 | L54: 984835 | M54: 7441900.4 | N54: 1.1440217 | O54: 8513695.4 | P54: 5570068.6 | Q54: 1.1255124 | R54: 1061 | S54: 1061 | T54: 6265186 | U54: 15763716 | V54: 0 | W54: 1617.455 | X54: 0.77601067 | Y54: 1617.455 | Z54: 791.7 | AA54: 0 | AB54: 0 | AC54: 771.22 | AD54: 791.7 | AE54: 781.25
A55: SAN GABRIEL VALLEY MED | B55: 1710174818 | D55: 45108 | E55: 45473 | F55: 42 | G55: 12618 | H55: 0 | I55: 0 | J55: 12618 | K55: 44 | L55: 136817 | M55: 8644895.7 | N55: 1.1440217 | O55: 9889948.2 | P55: 6470479.3 | Q55: 1.1255124 | R55: 1342 | S55: 1422 | T55: 7278713.2 | U55: 17305478 | V55: 0 | W55: 1371.4914 | X55: 0 | Y55: 0 | Z55: 791.7 | AA55: 0 | AB55: 0 | AC55: 771.22 | AD55: 791.7 | AE55: 781.25
A56: SAN MATEO MEDICAL CENTER | B56: 1710066634 | D56: 45108 | E56: 45473 | F56: 42 | G56: 97890 | H56: 9018 | I56: 71674 | J56: 17198 | K56: 345 | L56: 1150047 | M56: 28087504 | N56: 1.1440217 | O56: 32132714 | P56: 21022766 | Q56: 1.1255124 | R56: 1061 | S56: 1061 | T56: 23615439 | U56: 56898201 | V56: 1.31 | W56: 582.5563 | X56: 0.824313 | Y56: 582.5563 | Z56: 582.5563 | AA56: 0 | AB56: 0 | AC56: 771.22 | AD56: 771.22 | AE56: 760.77
A57: SANTA CLARA VALLEY MEDICAL CENTER | B57: 1447724646 | D57: 45108 | E57: 45473 | F57: 42 | G57: 8299 | H57: 0 | I57: 0 | J57: 8299 | K57: 24 | L57: 361926 | M57: 9530403.9 | N57: 1.1440217 | O57: 10902989 | P57: 7133259.1 | Q57: 1.1255124 | R57: 1061 | S57: 1061 | T57: 8025375.2 | U57: 19290290 | V57: 0 | W57: 2324.4114 | X57: 0 | Y57: 0 | Z57: 791.7 | AA57: 0 | AB57: 0 | AC57: 771.22 | AD57: 791.7 | AE57: 781.25
A58: SENECA DISTRICT HOSPITAL | B58: 1326234022 | C58: Y | D58: 45108 | E58: 45473 | F58: 42 | G58: 5098 | H58: 179 | I58: 4764 | J58: 155 | K58: 16 | L58: 71811 | M58: 2254777.6 | N58: 1.1440217 | O58: 2579514.5 | P58: 1687642.4 | Q58: 1.1255124 | R58: 1061 | S58: 1061 | T58: 1897331.6 | U58: 4548657.2 | V58: 0 | W58: 892.24346 | X58: 0.96959592 | Y58: 892.24346 | Z58: 791.7 | AA58: 791.7 | AB58: 759.49701 | AC58: 771.22 | AD58: 791.7 | AE58: 781.25
A59: SETON MEDICAL CENTER | B59: 1386252112 | D59: 45108 | E59: 45473 | F59: 42 | G59: 20750 | H59: 1166 | I59: 10080 | J59: 9504 | K59: 142 | L59: 346293 | M59: 10536557 | N59: 1.1440217 | O59: 12054049 | P59: 7886338.3 | Q59: 1.1255124 | R59: 1061 | S59: 1061 | T59: 8857261.3 | U59: 21257604 | V59: 0 | W59: 1024.4628 | X59: 0.5419759 | Y59: 1024.4628 | Z59: 791.7 | AA59: 0 | AB59: 0 | AC59: 636.04 | AD59: 791.7 | AE59: 781.25
A60: SHARP CHULA VISTA MEDICAL CENTER | B60: 1538142369 | D60: 45200 | E60: 45565 | F60: 39 | G60: 29487 | H60: 2323 | I60: 16275 | J60: 10889 | K60: 100 | L60: 1711346 | M60: 15049592 | N60: 1.1282016 | O60: 16978973 | P60: 11264227 | Q60: 1.1095049 | R60: 1061 | S60: 1061 | T60: 12486097 | U60: 31176416 | V60: 0 | W60: 1057.2936 | X60: 0.63071862 | Y60: 1057.2936 | Z60: 791.7 | AA60: 0 | AB60: 0 | AC60: 771.22 | AD60: 791.7 | AE60: 781.25
A61: SHARP CORONADO HOSPITAL | B61: 1184607418 | D61: 45200 | E61: 45565 | F61: 39 | G61: 16084 | H61: 936 | I61: 11942 | J61: 3206 | K61: 51 | L61: 1004188 | M61: 7101905 | N61: 1.1282016 | O61: 8012380.6 | P61: 5315591 | Q61: 1.1095049 | R61: 1061 | S61: 1061 | T61: 5891748.8 | U61: 14908317 | V61: 0 | W61: 926.90359 | X61: 0.80067147 | Y61: 926.90359 | Z61: 791.7 | AA61: 0 | AB61: 0 | AC61: 771.22 | AD61: 791.7 | AE61: 781.25
A62: SHERMAN OAKS HOSPITAL | B62: 1396031639 | D62: 45292 | E62: 45657 | F62: 36 | G62: 6884 | H62: 0 | I62: 0 | J62: 6884 | K62: 22 | L62: 454758 | M62: 3645933.6 | N62: 1.101166 | O62: 4014778.3 | P62: 2728886.4 | Q62: 1.0977053 | R62: 1342 | S62: 1422 | T62: 2994388.3 | U62: 7463924.5 | V62: 0 | W62: 1084.2424 | X62: 0 | Y62: 0 | Z62: 791.7 | AA62: 0 | AB62: 0 | AC62: 771.22 | AD62: 791.7 | AE62: 781.25
A63: SIERRA VIEW MEDICAL CENTER | B63: 1235352618 | D63: 45108 | E63: 45473 | F63: 42 | G63: 12200 | H63: 0 | I63: 0 | J63: 12200 | K63: 35 | L63: 713868 | M63: 5757885 | N63: 1.1440217 | O63: 6587145.3 | P63: 4309627 | Q63: 1.1255124 | R63: 1061 | S63: 1061 | T63: 4845877.5 | U63: 12146891 | V63: 2.74 | W63: 998.38679 | X63: 0 | Y63: 0 | Z63: 791.7 | AA63: 0 | AB63: 0 | AC63: 771.22 | AD63: 791.7 | AE63: 781.25
A64: SONOMA VALLEY HOSP DIST | B64: 1407938574 | D64: 45108 | E64: 45473 | F64: 42 | G64: 9582 | H64: 415 | I64: 6122 | J64: 3045 | K64: 27 | L64: 591947 | M64: 3977773.3 | N64: 1.1440217 | O64: 4550658.9 | P64: 2977259.7 | Q64: 1.1255124 | R64: 1061 | S64: 1061 | T64: 3347347 | U64: 8489953 | V64: 0 | W64: 886.03141 | X64: 0.68221666 | Y64: 886.03141 | Z64: 791.7 | AA64: 0 | AB64: 0 | AC64: 771.22 | AD64: 791.7 | AE64: 781.25
A65: SONORA REGIONAL MEDICAL CENTER | B65: 1801887401 | C65: Y | D65: 45292 | E65: 45657 | F65: 36 | G65: 21613 | H65: 1714 | I65: 1379 | J65: 18520 | K65: 68 | L65: 178900 | M65: 8833030.6 | N65: 1.101166 | O65: 9726633.3 | P65: 6611293.4 | Q65: 1.0977053 | R65: 1061 | S65: 1061 | T65: 7250202.3 | U65: 17155736 | V65: 0 | W65: 793.76929 | X65: 0.14310831 | Y65: 0 | Z65: 791.7 | AA65: 791.7 | AB65: 759.49701 | AC65: 771.22 | AD65: 791.7 | AE65: 781.25
A66: SOUTHERN INYO HOSPITAL | B66: 1831128602 | C66: Y | D66: 45108 | E66: 45473 | F66: 42 | G66: 10830 | H66: 523 | I66: 9440 | J66: 867 | K66: 33 | L66: 43457 | M66: 3106208.1 | N66: 1.1440217 | O66: 3553569.5 | P66: 2324915.9 | Q66: 1.1255124 | R66: 1061 | S66: 1061 | T66: 2612327 | U66: 6209353.4 | V66: 0 | W66: 573.3475 | X66: 0.9199446 | Y66: 573.3475 | Z66: 573.3475 | AA66: 573.3475 | AB66: 759.49701 | AC66: 618.59193 | AD66: 618.59193 | AE66: 608.14193
A67: SURPRISE VALLEY HOSPITAL | B67: 1700963956 | C67: Y | D67: 45108 | E67: 45473 | F67: 42 | G67: 7432 | H67: 148 | I67: 6279 | J67: 1005 | K67: 22 | L67: 196183 | M67: 2696210 | N67: 1.1440217 | O67: 3084522.7 | P67: 2018043 | Q67: 1.1255124 | R67: 1061 | S67: 1061 | T67: 2268402.6 | U67: 5549108.3 | V67: 0.49 | W67: 747.14075 | X67: 0.86477395 | Y67: 747.14075 | Z67: 747.14075 | AA67: 747.14075 | AB67: 759.49701 | AC67: 711.31122 | AD67: 747.14075 | AE67: 736.69075
A68: TAHOE FOREST HOSPITAL | B68: 1295897395 | C68: Y | D68: 45108 | E68: 45473 | F68: 42 | G68: 10948 | H68: 1201 | I68: 1017 | J68: 8730 | K68: 37 | L68: 814001 | M68: 5397211.1 | N68: 1.1440217 | O68: 6174526.5 | P68: 4039671.9 | Q68: 1.1255124 | R68: 1061 | S68: 1061 | T68: 4541773.4 | U68: 11530301 | V68: 0 | W68: 1053.1879 | X68: 0.20259408 | Y68: 1053.1879 | Z68: 791.7 | AA68: 791.7 | AB68: 759.49701 | AC68: 771.22 | AD68: 791.7 | AE68: 781.25
A69: TORRANCE MEM MED CNTR | B69: 1740268713 | D69: 45108 | E69: 45473 | F69: 42 | G69: 9844 | H69: 14 | I69: 0 | J69: 9830 | K69: 40 | L69: 844767 | M69: 7328797.7 | N69: 1.1440217 | O69: 8384303.6 | P69: 5485414.3 | Q69: 1.1255124 | R69: 1342 | S69: 1422 | T69: 6170364 | U69: 15399435 | V69: 0 | W69: 1564.3473 | X69: 0.0014221861 | Y69: 0 | Z69: 791.7 | AA69: 0 | AB69: 0 | AC69: 771.22 | AD69: 791.7 | AE69: 781.25
A70: TRINITY HOSPITAL SKILLED NURSING FACILITY | B70: 1154404010 | C70: Y | D70: 45292 | E70: 45657 | F70: 36 | G70: 4305 | H70: 0 | I70: 4305 | J70: 0 | K70: 13 | L70: 22159 | M70: 2050073.4 | N70: 1.101166 | O70: 2257471.2 | P70: 1534426.6 | Q70: 1.0977053 | R70: 1061 | S70: 1061 | T70: 1683000.5 | U70: 3962630.7 | V70: 0 | W70: 920.47171 | X70: 1 | Y70: 920.47171 | Z70: 791.7 | AA70: 791.7 | AB70: 759.49701 | AC70: 771.22 | AD70: 791.7 | AE70: 781.25
A71: WHITE MEMORIAL HOSPITAL | B71: 1942281936 | D71: 45292 | E71: 45657 | F71: 36 | G71: 1507 | H71: 0 | I71: 324 | J71: 1183 | K71: 14 | L71: 115757 | M71: 1724539.3 | N71: 1.101166 | O71: 1899004.1 | P71: 1290772.7 | Q71: 1.0977053 | R71: 1342 | S71: 1422 | T71: 1416172.3 | U71: 3430933.4 | V71: 0 | W71: 2276.6645 | X71: 0.21499668 | Y71: 2276.6645 | Z71: 791.7 | AA71: 0 | AB71: 0 | AC71: 771.22 | AD71: 791.7 | AE71: 781.25

Sheet Interim
A1: Press TAB to advance to the next cell. Press UP, DOWN, LEFT, or RIGHT ARROW to move cell by cell through the document.
A2: PUBLIC REVIEW DRAFT - SEE DISCLAIMER
A3: FACILITY NAME | B3: CITY | C3: COUNTY CODE | D3: NPI | E3: Admin Day NPI | F3: FYBEG | G3: FYEND | H3: Rural (Y/N) | I3: Prior Year Rate (1-1-2026) | J3: Final DPNF-B Rate 2027 | K3: Final Swing Bed Rate 2027 | L3: External Comment
A4: JEROLD PHELPS COMMUNITY HOSPITAL | B4: GARBERVILLE | C4: 12 | D4: 1245458421 | E4: 1003819376 | F4: Interim | G4: Interim | H4: Y | I4: 704.86 | J4: 704.86 | K4: 648.55
A5: HEMET VALLEY MED CNTR | B5: HEMET | C5: 33 | D5: 1184936023 | F5: Interim | G5: Interim | I5: 704.86 | J5: 704.86
A6: PIH HEALTH GOOD SAMARITAN | B6: LOS ANGELES | C6: 19 | D6: 1083895627 | F6: Interim | G6: Interim | I6: 704.86 | J6: 704.86
A7: CHINESE HOSP | B7: SAN FRANCISCO | C7: 75 | D7: 1073298196 | F7: Interim | G7: Interim | I7: 704.86 | J7: 704.86
A8: COALINGA REGIONAL MEDICAL CENTER | B8: COALINGA | C8: 10 | D8: 1801452941 | F8: Interim | G8: Interim | H8: Y | I8: 557.88441 | J8: 557.88441 | K8: 705.62
A9: SOUTHERN CALIFORNIA HOSPITAL | B9: CULVER CITY | C9: 19 | D9: 1922350206 | F9: Interim | G9: Interim | I9: 771.22 | J9: 771.22
A11: LATE REPORTS
A12: COLUSA MEDICAL CENTER | B12: COLUSA | C12: 6 | D12: 1215476734 | E12: 1215475124 | H12: Y | I12: 636.04 | J12: 636.04 | K12: 759.49701
A13: NORTHERN CALIFORNIA REHAB HOSPITAL | B13: REDDING | C13: 45 | D13: 1770524928 | I13: 771.22 | J13: 771.22
A14: OROVILLE HOSPITAL | B14: OROVILLE | C14: 4 | D14: 1427006485 | I14: 582.74249 | J14: 582.74249
A15: PACIFICA HOSPITAL-VALLEY | B15: SUN VALLEY | C15: 19 | D15: 1891872883 | I15: 771.22 | J15: 771.22

Sheet Budget Impact
A1: 2027 DPNF-B Budget Values for PC Estimate | C1: Per Diem | F1: Annual $ | I1: SFY Accrual $ GF
B2: Annual Days | C2: CY 2025 | D2: CY 2026 | E2: CY 2027 | F2: CY 2025 | G2: CY 2026 | H2: CY 2027 | I2: 2025-26 | J2: 2027-28
A3: DPNF-B | B3: =Data!#REF! -> #REF! | D3: 771.22 | E3: ='2027 Calcs'!D4 -> 791.7 | G3: 5.7973069e+08 | H3: ='2027 Calcs'!#REF! -> #REF! | I3: =(F3*(7/12)+G3*(5/12)) -> 2.4155445e+08 | J3: =(G3*(7/12)+H3*(5/12)) -> #REF!
A4: Rural Swing Bed | B4: =Data!#REF! -> #REF! | D4: 711.31 | E4: ='2027 Calcs'!D5 -> 759.49701 | F4: =$B$4*C4 -> #REF! | G4: 1.739789e+08 | H4: =$B$4*E4 -> #REF! | I4: =(F4*(7/12)+G4*(5/12)) -> #REF! | J4: =(G4*(7/12)+H4*(5/12)) -> #REF!

Sheet Data
A1: Press TAB to advance to the next cell. Press UP, DOWN, LEFT, or RIGHT ARROW to move cell by cell through the document.
A2: PUBLIC REVIEW DRAFT - SEE DISCLAIMER
A3: FACILITY NAME | B3: CITY | C3: COUNTY CODE | D3: NPI | E3: FYBEG | F3: FYEND | G3: DP PATIENT DAYS (DPNF Sch 1, Line 4) | H3: Medi-Cal Days (DPNF Sch 1, Line 15, 16) | I3: Lic Beds (DPNF Sch 1, Line 13) | J3: CAPITAL COST (DPNF Sch 1, Line 19) | K3: SNFCOST (DPNF Sch 1, Line 3) | L3: SALARY (DPNF Sch 1, Line 22) | M3: DPADJ | N3: DP Code | O3: Other DP Codes | P3: Total Medi-Cal Fee-For-Service Patient Days (DPNF Sch 1, Line 15) | Q3: Total Medi-Cal Managed Care Patient Days (DPNF Sch 1, Line 16) | R3: Cert Date | S3: Prior Year Rate (2026 1/1) | T3: Rural (Y/N)
A4: ALAMEDA CO MEDICAL CENTER | B4: OAKLAND | C4: 1 | D4: 1235261652 | E4: 45108 | F4: 45473 | G4: 41970 | H4: 41356 | I4: 135 | J4: 2876558 | K4: 42262873 | L4: 19324200 | M4: 1 | N4: 1 | P4: 3590 | Q4: 37766 | R4: 01/01/79 | S4: 771.22
A5: ALAMEDA HOSPITAL | B5: ALAMEDA | C5: 1 | D5: 1396176160 | E5: 45108 | F5: 45473 | G5: 46651 | H5: 32295 | I5: 146 | J5: 329263 | K5: 30114339 | L5: 13719530 | M5: 1 | N5: 1 | P5: 3715 | Q5: 28580 | R5: 41122 | S5: 684.45131
A6: BARTON MEMORIAL HOSPITAL | B6: SO. LAKE TAHOE | C6: 9 | D6: 1891759502 | E6: 45292 | F6: 45657 | G6: 15864 | H6: 14605 | I6: 48 | J6: 404688 | K6: 12091201 | L6: 5683359 | M6: 1 | N6: 1 | P6: 1360 | Q6: 13245 | R6: 35524 | S6: 771.22 | T6: Y
A7: BEAR VALLEY COMM HOSP | B7: BIG BEAR LAKE | C7: 36 | D7: 1073553756 | E7: 45108 | F7: 45473 | G7: 7120 | H7: 2516 | I7: 21 | J7: 166958 | K7: 4612102 | L7: 2311403 | M7: 1 | N7: 1 | P7: 2516 | Q7: 0 | R7: 06/26/91 | S7: 771.22 | T7: Y
A8: BRUCEVILLE TERRACE of METHODIST HOSPITAL | B8: SACRAMENTO | C8: 34 | D8: 1467560599 | E8: 45292 | F8: 45657 | G8: 59945 | H8: 43298 | I8: 171 | J8: 522764 | K8: 42725216 | L8: 30346808 | M8: 1 | N8: 1 | P8: 6275 | Q8: 37023 | R8: 03/10/89 | S8: 771.22
A9: CALIFORNIA PACIFIC M C-DAVIES CAMPUS | B9: SAN FRANCISCO | C9: 38 | D9: 1215095419 | E9: 45292 | F9: 45657 | G9: 8434 | H9: 3130 | I9: 29 | J9: 666494 | K9: 13574372 | L9: 9230808 | M9: 1 | N9: 1 | P9: 490 | Q9: 2640 | R9: 11/01/78 | S9: 771.22
A10: CATALINA ISLAND MEDICAL CENTER | B10: AVALON | C10: 19 | D10: 1346250347 | E10: 45108 | F10: 45473 | G10: 1130 | H10: 203 | I10: 4 | J10: 26581 | K10: 871863 | L10: 556859 | M10: 1 | N10: 1 | P10: 203 | Q10: 0 | S10: 704.86 | T10: Y
A11: CHAPMAN MEDICAL CENTER | B11: ORANGE | C11: 30 | D11: 1477672665 | E11: 45292 | F11: 45657 | G11: 8500 | H11: 0 | I11: 27 | J11: 389372 | K11: 13733797 | L11: 3971718 | M11: 1 | N11: 5 | O11: 5 | P11: 0 | Q11: 0 | R11: 08/01/97 | S11: 771.22
A12: COMMUNITY HOSPITAL SAN BERNARDINO | B12: SAN BERNARDINO | C12: 36 | D12: 1235290818 | E12: 45292 | F12: 45657 | G12: 32023 | H12: 0 | I12: 88 | J12: 384400 | K12: 28409087 | L12: 19914399 | M12: 1 | N12: 5 | O12: 5 | P12: 0 | Q12: 0 | R12: 34918 | S12: 771.22
A13: COMMUNITY SUBACUTE AND TRANSITIONAL CARE | B13: FRESNO | C13: 10 | D13: 1295816569 | E13: 45170 | F13: 45535 | G13: 19694 | H13: 17026 | I13: 58 | J13: 404571 | K13: 7748774 | L13: 4084098 | M13: 1 | N13: 1 | P13: 3520 | Q13: 13506 | R13: 11/01/79 | S13: 485.20741
A14: DELANO COMMUNITY HOSPITAL | B14: DELANO | C14: 15 | D14: 1033247622 | E14: 45292 | F14: 45657 | G14: 2599 | H14: 1901 | I14: 8 | J14: 51594 | K14: 1833560 | L14: 1106733 | M14: 1 | N14: 5 | O14: 5 | P14: 0 | Q14: 1901 | R14: 05/01/79 | S14: 771.22
A15: DESERT REGIONAL MED CNTR | B15: PALM SPRINGS | C15: 33 | D15: 1104856095 | E15: 45078 | F15: 45443 | G15: 5039 | H15: 0 | I15: 0 | J15: 247719 | K15: 6988554 | L15: 4098016 | M15: 1 | N15: 0 | P15: 0 | Q15: 0 | R15: 35971 | S15: 771.22
A16: EASTERN PLUMAS DISTRICT | B16: PORTOLA | C16: 32 | D16: 1609872415 | E16: 45108 | F16: 45473 | G16: 21580 | H16: 20013 | I16: 66 | J16: 153925 | K16: 10324765 | L16: 5476963 | M16: 1 | N16: 1 | P16: 2520 | Q16: 17493 | R16: 09/11/90 | S16: 609.8241 | T16: Y
A17: EDGEMOOR GERIATRIC HOSP | B17: SANTEE | C17: 37 | D17: 1962556290 | E17: 45108 | F17: 45473 | G17: 56848 | H17: 50366 | I17: 192 | J17: 0 | K17: 63981928 | L17: 51008178 | M17: 1 | N17: 0 | P17: 3235 | Q17: 47131 | R17: 04/30/88 | S17: 818.96
A18: ENCINO-TARZANA REG M C | B18: ENCINO | C18: 19 | D18: 1619141298 | E18: 45292 | F18: 45657 | G18: 9097 | H18: 0 | I18: 28 | J18: 412430 | K18: 12122911 | L18: 4696984 | M18: 1 | N18: 5 | O18: 5 | P18: 0 | Q18: 0 | R18: 01/16/98 | S18: 771.22
A19: GEORGE L. MEE HOSPITAL | B19: KING CITY | C19: 27 | D19: 1225228646 | E19: 45200 | F19: 45565 | G19: 11400 | H19: 2415 | I19: 48 | J19: 270625 | K19: 8519720 | L19: 5356553 | M19: 1 | N19: 1 | P19: 49 | Q19: 2366 | R19: 09/30/85 | S19: 744.43277 | T19: Y
A20: GROSSMONT HOSPITAL | B20: LA MESA | C20: 37 | D20: 1417930249 | E20: 45200 | F20: 45565 | G20: 5197 | H20: 1411 | I20: 30 | J20: 571933 | K20: 6235261 | L20: 3622943 | M20: 1 | N20: 1 | P20: 102 | Q20: 1309 | R20: 11/19/93 | S20: 771.22
A21: HAZEL HAWKINS CONVALESCENT HOSP | B21: HOLLISTER | C21: 35 | D21: 1467585471 | E21: 45108 | F21: 45473 | G21: 32599 | H21: 15746 | I21: 119 | J21: 154807 | K21: 24364833 | L21: 1939552 | M21: 1 | N21: 1 | P21: 15746 | Q21: 0 | R21: 02/13/86 | S21: 771.22 | T21: Y
A22: HI-DESERT MED CTR-JOSHUA | B22: JOSHUA TREE | C22: 36 | D22: 1639565088 | E22: 45078 | F22: 45443 | G22: 27999 | H22: 25904 | I22: 95 | J22: 353787 | K22: 11687395 | L22: 4774456 | M22: 1 | N22: 1 | P22: 1198 | Q22: 24706 | R22: 01/11/91 | S22: 497.24094 | T22: Y
A23: HOLLYWOOD PRESBYTERIAN | B23: LOS ANGELES | C23: 19 | D23: 1336164151 | E23: 45292 | F23: 45657 | G23: 27397 | H23: 0 | I23: 89 | J23: 425003 | K23: 35761701 | L23: 12744858 | M23: 1 | N23: 5 | O23: 5 | P23: 0 | Q23: 0 | R23: 11/01/78 | S23: 771.22
A24: HOLY CROSS HOSPITAL (Providence) | B24: SAN FERNANDO | C24: 19 | D24: 1750309837 | E24: 45292 | F24: 45657 | G24: 15560 | H24: 0 | I24: 48 | J24: 962624 | K24: 23398797 | L24: 13084876 | M24: 1 | N24: 5 | O24: 5 | P24: 0 | Q24: 0 | R24: 10/01/79 | S24: 771.22
A25: JEWISH HOME FOR THE AGED | B25: SAN FRANCISCO | C25: 38 | D25: 1275525115 | E25: 45108 | F25: 45473 | G25: 124146 | H25: 89996 | I25: 362 | J25: 7079926 | K25: 85646612 | L25: 54356312 | M25: 1 | N25: 1 | P25: 3175 | Q25: 86821 | R25: 09/16/87 | S25: 755.0797
A26: JOHN C. FREMONT HEALTHCARE DIST | B26: MARIPOSA | C26: 22 | D26: 1841342334 | E26: 45108 | F26: 45473 | G26: 5822 | H26: 2792 | I26: 16 | J26: 142111 | K26: 4471587 | L26: 2711709 | M26: 1 | N26: 1 | P26: 543 | Q26: 2249 | S26: 705.62139 | T26: Y
A27: JOYCE EISENBERG KEEFER MEDICAL CTR | B27: RESEDA | C27: 19 | D27: 1487681631 | E27: 45170 | F27: 45535 | G27: 84726 | H27: 72626 | I27: 239 | J27: 3572189 | K27: 41267660 | L27: 27055970 | M27: 1 | N27: 1 | P27: 4262 | Q27: 68364 | R27: 39402 | S27: 568.85066
A28: KAWEAH DELTA DIST HOSP | B28: VISALIA | C28: 54 | D28: 1093776338 | E28: 45108 | F28: 45473 | G28: 4129 | H28: 757 | I28: 38 | J28: 81005 | K28: 2533136 | L28: 2946365 | M28: 1 | N28: 1 | P28: 414 | Q28: 343 | R28: 1 | S28: 771.22
A29: KERN VALLEY HOSP DISTRICT | B29: LAKE ISABELLA | C29: 15 | D29: 1427049964 | E29: 45108 | F29: 45473 | G29: 15665 | H29: 12418 | I29: 74 | J29: 250353 | K29: 7222108 | L29: 3840962 | M29: 1 | N29: 1 | P29: 755 | Q29: 11663 | R29: 07/30/92 | S29: 503.36534 | T29: Y
A30: KINDRED HOSPITAL BREA | B30: BREA | C30: 30 | D30: 1629240577 | E30: 45170 | F30: 45535 | G30: 4280 | H30: 931 | I30: 24 | J30: 59665 | K30: 2894243 | L30: 1729059 | M30: 1 | N30: 1 | P30: 200 | Q30: 731 | R30: 42066 | S30: 771.22
A31: LA DOWNTOWN MEDICAL CENTER | B31: LOS ANGELES | C31: 19 | D31: 1780183335 | E31: 45292 | F31: 45657 | G31: 12078 | H31: 0 | I31: 33 | J31: 323641 | K31: 4451957 | L31: 485188 | M31: 1 | N31: 3 | O31: 3 | P31: 0 | Q31: 0 | R31: 42098 | S31: 636.04
A32: LAGUNA HONDA HOSPITAL | B32: SAN FRANCISCO | C32: 38 | D32: 1417997370 | E32: 45108 | F32: 45473 | G32: 164258 | H32: 163139 | I32: 769 | J32: 18826496 | K32: 315203106 | L32: 158877363 | M32: 1 | N32: 1 | P32: 15773 | Q32: 147366 | R32: 08/01/79 | S32: 771.22
A33: LOMPOC VALLEY MEDICAL CENTER | B33: LOMPOC | C33: 42 | D33: 1376539130 | E33: 45108 | F33: 45473 | G33: 32509 | H33: 26921 | I33: 110 | J33: 268109 | K33: 17844841 | L33: 9660155 | M33: 1 | N33: 1 | P33: 1312 | Q33: 25609 | R33: 11/01/79 | S33: 605.96737 | T33: Y
A34: MARIAN MEDICAL CENTER | B34: SANTA MARIA | C34: 42 | D34: 1144358953 | E34: 45108 | F34: 45473 | G34: 31203 | H34: 18455 | I34: 95 | J34: 678243 | K34: 19319486 | L34: 13443540 | M34: 1 | N34: 1 | P34: 2844 | Q34: 15611 | R34: 31670 | S34: 641.84326
A35: MAYERS MEMORIAL HOSPITAL | B35: FALL RIVER MILLS | C35: 45 | D35: 1386763456 | E35: 45108 | F35: 45473 | G35: 28870 | H35: 26753 | I35: 99 | J35: 1008558 | K35: 17681032 | L35: 8314723 | M35: 1 | N35: 1 | P35: 644 | Q35: 26109 | R35: 06/01/79 | S35: 631.36579 | T35: Y
A36: MEMORIAL HOSPITAL OF GARDENA | B36: GARDENA | C36: 19 | D36: 1811107410 | E36: 45292 | F36: 45657 | G36: 22257 | H36: 0 | I36: 69 | J36: 2065229 | K36: 18816019 | L36: 12077298 | M36: 1 | N36: 5 | O36: 5 | P36: 0 | Q36: 0 | R36: 11/29/90 | S36: 771.22
A37: MODOC MEDICAL CENTER | B37: MODOC | C37: 25 | D37: 1326146333 | E37: 45108 | F37: 45473 | G37: 17584 | H37: 16892 | I37: 50 | J37: 161366 | K37: 8912804 | L37: 5674310 | M37: 1 | N37: 1 | P37: 285 | Q37: 16607 | R37: 05/04/90 | S37: 605.33926 | T37: Y
A38: MOTION PICTURE & TV HOSP | B38: WOODLAND HILLS | C38: 19 | D38: 1336289966 | E38: 45292 | F38: 45657 | G38: 31771 | H38: 30487 | I38: 110 | J38: 749100 | K38: 24936876 | L38: 18698737 | M38: 1 | N38: 1 | P38: 2700 | Q38: 27787 | R38: 09/01/79 | S38: 771.22
A39: MOUNTAINS COMMUNITY HOSP | B39: LAKE ARROWHEAD | C39: 36 | D39: 1174674246 | E39: 45108 | F39: 45473 | G39: 7124 | H39: 7044 | I39: 20 | J39: 380017 | K39: 4810358 | L39: 2952119 | M39: 1 | N39: 1 | P39: 0 | Q39: 7044 | R39: 05/03/91 | S39: 771.22 | T39: Y
A40: OAKDALE NURSING AND REHABILITATION CENTER | B40: OAKDALE | C40: 50 | D40: 1861533648 | E40: 45108 | F40: 45473 | G40: 31157 | H40: 28187 | I40: 115 | J40: 1429259 | K40: 16075752 | L40: 8160824 | M40: 1 | N40: 1 | P40: 2439 | Q40: 25748 | R40: 07/31/87 | S40: 659.44776
A41: OJAI VALLEY COMM HOSPITAL | B41: OJAI | C41: 56 | D41: 1770659153 | E41: 45292 | F41: 45657 | G41: 26221 | H41: 20073 | I41: 75 | J41: 657492 | K41: 21710399 | L41: 12436998 | M41: 1 | N41: 1 | P41: 4020 | Q41: 16053 | R41: 10/01/79 | S41: 771.22 | T41: Y
A42: PALOMAR POMERADO HEALTH VILLA POMERADO | B42: POWAY | C42: 37 | D42: 1619947090 | E42: 45108 | F42: 45473 | G42: 23202 | H42: 12550 | I42: 93 | J42: 742198 | K42: 16433883 | L42: 4416213 | M42: 1 | N42: 1 | P42: 1778 | Q42: 10772 | R42: 05/05/88 | S42: 704.86
A43: IMPERIAL VALLEY HEALTHCARE | B43: BRAWLEY | C43: 13 | D43: 1184429185 | E43: 45108 | F43: 45473 | G43: 29172 | H43: 8666 | I43: 99 | J43: 118333 | K43: 17838730 | L43: 10982582 | M43: 1 | N43: 1 | P43: 2260 | Q43: 6406 | R43: 45678 | S43: 704.86
A44: PROVIDENCE LITTLE CO. OF MARY HOSP TRANS CARE CTR | B44: TORRANCE | C44: 19 | D44: 1952348518 | E44: 45292 | F44: 45657 | G44: 19304 | H44: 505 | I44: 115 | J44: 592576 | K44: 25003586 | L44: 13624359 | M44: 1 | N44: 1 | P44: 27 | Q44: 478 | R44: 03/17/87 | S44: 771.22
A45: PROVIDENCE LITTLE CO. OF MARY S/A CARE CTR | B45: SAN PEDRO | C45: 19 | D45: 1770639809 | E45: 45292 | F45: 45657 | G45: 37166 | H45: 0 | I45: 125 | J45: 790145 | K45: 42245320 | L45: 23400150 | M45: 1 | N45: 5 | O45: 5 | P45: 0 | Q45: 0 | R45: 39528 | S45: 771.22
A46: RADY CHILDREN'S HOSPITAL | B46: SAN DIEGO | C46: 37 | D46: 1114091055 | E46: 45108 | F46: 45473 | G46: 5747 | H46: 4692 | I46: 20 | J46: 559140 | K46: 8588431 | L46: 4515057 | M46: 1 | N46: 1 | P46: 1884 | Q46: 2808 | R46: 12/01/86 | S46: 771.22
A47: RIDGECREST REGIONAL TRANSITIONAL CARE | B47: RIDGECREST | C47: 15 | D47: 1669734653 | E47: 45292 | F47: 45657 | G47: 23169 | H47: 19192 | I47: 125 | J47: 674663 | K47: 14820278 | L47: 9701428 | M47: 1 | N47: 1 | P47: 2463 | Q47: 16729 | R47: 41163 | S47: 771.22 | T47: Y
A48: SAN FRANCISCO GENERAL HOSP (Zuckerberg) | B48: SAN FRANCISCO | C48: 38 | D48: 1285677518 | E48: 45108 | F48: 45473 | G48: 9746 | H48: 7563 | I48: 30 | J48: 984835 | K48: 13996804 | L48: 7792264 | M48: 1 | N48: 1 | P48: 1382 | Q48: 6181 | R48: 35144 | S48: 771.22
A49: SAN GABRIEL VALLEY MED | B49: SAN GABRIEL | C49: 19 | D49: 1710174818 | E49: 45108 | F49: 45473 | G49: 12618 | H49: 0 | I49: 44 | J49: 136817 | K49: 15252192 | L49: 6776032 | M49: 1 | N49: 5 | O49: 5 | P49: 0 | Q49: 0 | R49: 10/10/86 | S49: 771.22
A50: SAN MATEO MEDICAL CENTER | B50: SAN MATEO | C50: 41 | D50: 1710066634 | E50: 45108 | F50: 45473 | G50: 97890 | H50: 80692 | I50: 345 | J50: 1150047 | K50: 50260317 | L50: 8227248 | M50: 1 | N50: 1 | P50: 9018 | Q50: 71674 | R50: 07/01/79 | S50: 771.22
A51: SANTA CLARA VALLEY MEDICAL CENTER | B51: SAN JOSE | C51: 43 | D51: 1447724646 | E51: 45108 | F51: 45473 | G51: 8299 | H51: 0 | I51: 24 | J51: 361926 | K51: 17025589 | L51: 1479804 | M51: 1 | N51: 5 | O51: 5 | P51: 0 | Q51: 0 | R51: 40801 | S51: 771.22
A52: SENECA DISTRICT HOSPITAL | B52: CHESTER | C52: 32 | D52: 1326234022 | E52: 45108 | F52: 45473 | G52: 5098 | H52: 4943 | I52: 16 | J52: 71811 | K52: 4014231 | L52: 2246694 | M52: 1 | N52: 1 | P52: 179 | Q52: 4764 | R52: 10/01/78 | S52: 771.22 | T52: Y
A53: SETON MEDICAL CENTER | B53: DALY CITY | C53: 41 | D53: 1386252112 | E53: 45108 | F53: 45473 | G53: 20750 | H53: 11246 | I53: 142 | J53: 346293 | K53: 18769188 | L53: 14363723 | M53: 1 | N53: 1 | P53: 1166 | Q53: 10080 | S53: 636.04
A54: SHARP CHULA VISTA MEDICAL CENTER | B54: CHULA VISTA | C54: 37 | D54: 1538142369 | E54: 45200 | F54: 45565 | G54: 29487 | H54: 18598 | I54: 100 | J54: 1711346 | K54: 28025165 | L54: 16055963 | M54: 1 | N54: 1 | P54: 2323 | Q54: 16275 | R54: 01/02/86 | S54: 771.22
A55: SHARP CORONADO HOSPITAL | B55: CORONADO | C55: 37 | D55: 1184607418 | E55: 45200 | F55: 45565 | G55: 16084 | H55: 12878 | I55: 51 | J55: 1004188 | K55: 13421684 | L55: 8379935 | M55: 1 | N55: 1 | P55: 936 | Q55: 11942 | R55: 04/01/78 | S55: 771.22
A56: SHERMAN OAKS HOSPITAL | B56: SHERMAN OAKS | C56: 19 | D56: 1396031639 | E56: 45292 | F56: 45657 | G56: 6884 | H56: 0 | I56: 22 | J56: 454758 | K56: 6829578 | L56: 3712996 | M56: 1 | N56: 5 | O56: 5 | P56: 0 | Q56: 0 | R56: 41787 | S56: 771.22
A57: SIERRA VIEW MEDICAL CENTER | B57: PORTERVILLE | C57: 54 | D57: 1235352618 | E57: 45108 | F57: 45473 | G57: 12200 | H57: 0 | I57: 35 | J57: 713868 | K57: 10781380 | L57: 8060945 | M57: 1 | N57: 5 | O57: 5 | P57: 0 | Q57: 0 | R57: 36826 | S57: 771.22
A58: SONOMA VALLEY HOSP DIST | B58: SONOMA | C58: 49 | D58: 1407938574 | E58: 45108 | F58: 45473 | G58: 9582 | H58: 6537 | I58: 27 | J58: 591947 | K58: 7546980 | L58: 918052 | M58: 1 | N58: 1 | P58: 415 | Q58: 6122 | R58: 12/19/86 | S58: 771.22
A59: SONORA REGIONAL MEDICAL CENTER | B59: SONORA | C59: 55 | D59: 1801887401 | E59: 45292 | F59: 45657 | G59: 21613 | H59: 3093 | I59: 68 | J59: 178900 | K59: 15623224 | L59: 7954460 | M59: 1 | N59: 1 | P59: 1714 | Q59: 1379 | R59: 10/07/85 | S59: 771.22 | T59: Y
A60: SOUTHERN INYO HOSPITAL | B60: LONE PINE | C60: 14 | D60: 1831128602 | E60: 45108 | F60: 45473 | G60: 10830 | H60: 9963 | I60: 33 | J60: 43457 | K60: 5474581 | L60: 3861607 | M60: 1 | N60: 1 | P60: 523 | Q60: 9440 | S60: 618.59193 | T60: Y
A61: SURPRISE VALLEY HOSPITAL | B61: CEDARVILLE | C61: 25 | D61: 1700963956 | E61: 45108 | F61: 45473 | G61: 7432 | H61: 6427 | I61: 22 | J61: 196183 | K61: 4910436 | L61: 2999973 | M61: 1 | N61: 1 | P61: 148 | Q61: 6279 | S61: 711.31122 | T61: Y
A62: TAHOE FOREST HOSPITAL | B62: TRUCKEE | C62: 29 | D62: 1295897395 | E62: 45108 | F62: 45473 | G62: 10948 | H62: 2218 | I62: 37 | J62: 814001 | K62: 10250884 | L62: 5554221 | M62: 1 | N62: 1 | P62: 1201 | Q62: 1017 | R62: 06/05/86 | S62: 771.22 | T62: Y
A63: TORRANCE MEM MED CNTR | B63: TORRANCE | C63: 19 | D63: 1740268713 | E63: 45108 | F63: 45473 | G63: 9844 | H63: 14 | I63: 40 | J63: 844767 | K63: 13658979 | L63: 9673345 | M63: 1 | N63: 1 | P63: 14 | Q63: 0 | R63: 03/23/94 | S63: 771.22
A64: TRINITY HOSPITAL SKILLED NURSING FACILITY | B64: WEAVERVILLE | C64: 53 | D64: 1154404010 | E64: 45292 | F64: 45657 | G64: 4305 | H64: 4305 | I64: 13 | J64: 22159 | K64: 3606659 | L64: 2345472 | M64: 1 | N64: 1 | P64: 0 | Q64: 4305 | R64: 42887 | S64: 771.22 | T64: Y
A65: WHITE MEMORIAL HOSPITAL | B65: LOS ANGELES | C65: 19 | D65: 1942281936 | E65: 45292 | F65: 45657 | G65: 1507 | H65: 324 | I65: 14 | J65: 115757 | K65: 3131069 | L65: 1638980 | M65: 1 | N65: 1 | P65: 0 | Q65: 324 | R65: 08/19/88 | S65: 771.22

Sheet Sub Calc
A1: ADJUSTED CAPITAL COSTS (Item 1) | B1: ADJUSTED TOTAL COSTS (Item 2) | C1: ADJUSTED NON-CAPITAL COSTS (Item 3) | D1: ADJUSTED SWB COSTS (Item 4) | E1: ADJUSTED ALL OTHER (AO) COSTS (Item 5) | F1: PROJECTED CAPITAL COSTS (Item 6) | G1: PROJECTED SWB COSTS (Item 9) | H1: UPDATED AO COST without PRIOR LICENSE FEES (Item 17) | I1: PROJECTED ALL OTHER COST (Item 18) | J1: PROJECTED COMBINED DAILY COST (Item 19) | K1: SUM OF PER DIEM ADD-Ons (Item 20) | L1: PROJECTED TOTAL DAILY COSTS (Item 21) | M1: M-Cal % | N1: 20% M-Cal Days | O1: SwingBeds | P1: SwingBed Rate | Q1: Projected DPNF-B Rate
A2: =Data!J4*Data!M4 -> 2876558 | B2: =Data!K4*Data!M4 -> 42262873 | C2: =B2-A2 -> 39386315 | D2: =C2*'SWB Ratio'!$B$9/0.9 -> 25029010 | E2: =C2-D2 -> 14357305 | F2: =(A2*1) -> 2876558 | G2: =D2*Data!#REF! -> #REF! | H2: =(E2-(Data!I4*'License Fees'!$A$5))*Data!#REF! -> #REF! | I2: =(H2+(IF(Data!C4=19,'License Fees'!$B$5+'License Fees'!$D$5,'License Fees'!$B$5)*Data!I4)) -> #REF! | J2: =(F2+G2+I2)/Data!G4 -> #REF! | K2: ='SB525 Add-Ons'!$B$5 -> 1386763456 | L2: =J2+K2 -> #REF! | M2: =IF(Data!N4=1,(Data!H4/Data!G4),0) -> 0.9853705 | N2: =IF(M2>=20%,L2,"") -> #REF! | O2: =IF(Data!T4="Y",IF(L2>=$Q$65,$Q$65,L2),"") | P2: =IF(O2="","",$Q$68) | Q2: =IF(L2<$Q$65,L2,$Q$65) -> #REF!
A3: =Data!J5*Data!M5 -> 329263 | B3: =Data!K5*Data!M5 -> 30114339 | C3: =B3-A3 -> 29785076 | D3: =C3*'SWB Ratio'!$B$9/0.9 -> 18927665 | E3: =C3-D3 -> 10857411 | F3: =(A3*1) -> 329263 | G3: =D3*Data!#REF! -> #REF! | H3: =(E3-(Data!I5*'License Fees'!$A$5))*Data!#REF! -> #REF! | I3: =(H3+(IF(Data!C5=19,'License Fees'!$B$5+'License Fees'!$D$5,'License Fees'!$B$5)*Data!I5)) -> #REF! | J3: =(F3+G3+I3)/Data!G5 -> #REF! | K3: ='SB525 Add-Ons'!$B$5 -> 1386763456 | L3: =J3+K3 -> #REF! | M3: =IF(Data!N5=1,(Data!H5/Data!G5),0) -> 0.69226812 | N3: =IF(M3>=20%,L3,"") -> #REF! | O3: =IF(Data!T5="Y",IF(L3>=$Q$65,$Q$65,L3),"") | P3: =IF(O3="","",$Q$68) | Q3: =IF(L3<$Q$65,L3,$Q$65) -> #REF!
A4: =Data!J6*Data!M6 -> 404688 | B4: =Data!K6*Data!M6 -> 12091201 | C4: =B4-A4 -> 11686513 | D4: =C4*'SWB Ratio'!$B$9/0.9 -> 7426484.3 | E4: =C4-D4 -> 4260028.7 | F4: =(A4*1) -> 404688 | G4: =D4*Data!#REF! -> #REF! | H4: =(E4-(Data!I6*'License Fees'!$A$5))*Data!#REF! -> #REF! | I4: =(H4+(IF(Data!C6=19,'License Fees'!$B$5+'License Fees'!$D$5,'License Fees'!$B$5)*Data!I6)) -> #REF! | J4: =(F4+G4+I4)/Data!G6 -> #REF! | K4: ='SB525 Add-Ons'!$B$5 -> 1386763456 | L4: =J4+K4 -> #REF! | M4: =IF(Data!N6=1,(Data!H6/Data!G6),0) -> 0.92063792 | N4: =IF(M4>=20%,L4,"") -> #REF! | O4: =IF(Data!T6="Y",IF(L4>=$Q$65,$Q$65,L4),"") -> #REF! | P4: =IF(O4="","",$Q$68) -> #REF! | Q4: =IF(L4<$Q$65,L4,$Q$65) -> #REF!
A5: =Data!J7*Data!M7 -> 166958 | B5: =Data!K7*Data!M7 -> 4612102 | C5: =B5-A5 -> 4445144 | D5: =C5*'SWB Ratio'!$B$9/0.9 -> 2824776.9 | E5: =C5-D5 -> 1620367.1 | F5: =(A5*1) -> 166958 | G5: =D5*Data!#REF! -> #REF! | H5: =(E5-(Data!I7*'License Fees'!$A$5))*Data!#REF! -> #REF! | I5: =(H5+(IF(Data!C7=19,'License Fees'!$B$5+'License Fees'!$D$5,'License Fees'!$B$5)*Data!I7)) -> #REF! | J5: =(F5+G5+I5)/Data!G7 -> #REF! | K5: ='SB525 Add-Ons'!$B$5 -> 1386763456 | L5: =J5+K5 -> #REF! | M5: =IF(Data!N7=1,(Data!H7/Data!G7),0) -> 0.35337079 | N5: =IF(M5>=20%,L5,"") -> #REF! | O5: =IF(Data!T7="Y",IF(L5>=$Q$65,$Q$65,L5),"") -> #REF! | P5: =IF(O5="","",$Q$68) -> #REF! | Q5: =IF(L5<$Q$65,L5,$Q$65) -> #REF!
A6: =Data!J8*Data!M8 -> 522764 | B6: =Data!K8*Data!M8 -> 42725216 | C6: =B6-A6 -> 42202452 | D6: =C6*'SWB Ratio'!$B$9/0.9 -> 26818594 | E6: =C6-D6 -> 15383858 | F6: =(A6*1) -> 522764 | G6: =D6*Data!#REF! -> #REF! | H6: =(E6-(Data!I8*'License Fees'!$A$5))*Data!#REF! -> #REF! | I6: =(H6+(IF(Data!C8=19,'License Fees'!$B$5+'License Fees'!$D$5,'License Fees'!$B$5)*Data!I8)) -> #REF! | J6: =(F6+G6+I6)/Data!G8 -> #REF! | K6: ='SB525 Add-Ons'!$B$5 -> 1386763456 | L6: =J6+K6 -> #REF! | M6: =IF(Data!N8=1,(Data!H8/Data!G8),0) -> 0.72229544 | N6: =IF(M6>=20%,L6,"") -> #REF! | O6: =IF(Data!T8="Y",IF(L6>=$Q$65,$Q$65,L6),"") | P6: =IF(O6="","",$Q$68) | Q6: =IF(L6<$Q$65,L6,$Q$65) -> #REF!
A7: =Data!J9*Data!M9 -> 666494 | B7: =Data!K9*Data!M9 -> 13574372 | C7: =B7-A7 -> 12907878 | D7: =C7*'SWB Ratio'!$B$9/0.9 -> 8202631 | E7: =C7-D7 -> 4705247 | F7: =(A7*1) -> 666494 | G7: =D7*Data!#REF! -> #REF! | H7: =(E7-(Data!I9*'License Fees'!$A$5))*Data!#REF! -> #REF! | I7: =(H7+(IF(Data!C9=19,'License Fees'!$B$5+'License Fees'!$D$5,'License Fees'!$B$5)*Data!I9)) -> #REF! | J7: =(F7+G7+I7)/Data!G9 -> #REF! | K7: ='SB525 Add-Ons'!$B$5 -> 1386763456 | L7: =J7+K7 -> #REF! | M7: =IF(Data!N9=1,(Data!H9/Data!G9),0) -> 0.37111691 | N7: =IF(M7>=20%,L7,"") -> #REF! | O7: =IF(Data!T9="Y",IF(L7>=$Q$65,$Q$65,L7),"") | P7: =IF(O7="","",$Q$68) | Q7: =IF(L7<$Q$65,L7,$Q$65) -> #REF!
A8: =Data!#REF!*Data!#REF! -> #REF! | B8: =Data!#REF!*Data!#REF! -> #REF! | C8: =B8-A8 -> #REF! | D8: =C8*'SWB Ratio'!$B$9/0.9 -> #REF! | E8: =C8-D8 -> #REF! | F8: =(A8*1) -> #REF! | G8: =D8*Data!#REF! -> #REF! | H8: =(E8-(Data!#REF!*'License Fees'!$A$5))*Data!#REF! -> #REF! | I8: =(H8+(IF(Data!#REF!=19,'License Fees'!$B$5+'License Fees'!$D$5,'License Fees'!$B$5)*Data!#REF!)) -> #REF! | J8: =(F8+G8+I8)/Data!#REF! -> #REF! | K8: ='SB525 Add-Ons'!$B$5 -> 1386763456 | L8: =J8+K8 -> #REF! | M8: =IF(Data!#REF!=1,(Data!#REF!/Data!#REF!),0) -> #REF! | N8: =IF(M8>=20%,L8,"") -> #REF! | O8: =IF(Data!#REF!="Y",IF(L8>=$Q$65,$Q$65,L8),"") -> #REF! | P8: =IF(O8="","",$Q$68) -> #REF! | Q8: =IF(L8<$Q$65,L8,$Q$65) -> #REF!
A9: =Data!J11*Data!M11 -> 389372 | B9: =Data!K11*Data!M11 -> 13733797 | C9: =B9-A9 -> 13344425 | D9: =C9*'SWB Ratio'!$B$9/0.9 -> 8480045.6 | E9: =C9-D9 -> 4864379.4 | F9: =(A9*1) -> 389372 | G9: =D9*Data!#REF! -> #REF! | H9: =(E9-(Data!I11*'License Fees'!$A$5))*Data!#REF! -> #REF! | I9: =(H9+(IF(Data!C11=19,'License Fees'!$B$5+'License Fees'!$D$5,'License Fees'!$B$5)*Data!I11)) -> #REF! | J9: =(F9+G9+I9)/Data!G11 -> #REF! | K9: ='SB525 Add-Ons'!$B$5 -> 1386763456 | L9: =J9+K9 -> #REF! | M9: =IF(Data!N11=1,(Data!H11/Data!G11),0) -> 0 | N9: =IF(M9>=20%,L9,"") | O9: =IF(Data!T11="Y",IF(L9>=$Q$65,$Q$65,L9),"") | P9: =IF(O9="","",$Q$68) | Q9: =IF(L9<$Q$65,L9,$Q$65) -> #REF!
A10: =Data!J12*Data!M12 -> 384400 | B10: =Data!K12*Data!M12 -> 28409087 | C10: =B10-A10 -> 28024687 | D10: =C10*'SWB Ratio'!$B$9/0.9 -> 17808982 | E10: =C10-D10 -> 10215705 | F10: =(A10*1) -> 384400 | G10: =D10*Data!#REF! -> #REF! | H10: =(E10-(Data!I12*'License Fees'!$A$5))*Data!#REF! -> #REF! | I10: =(H10+(IF(Data!C12=19,'License Fees'!$B$5+'License Fees'!$D$5,'License Fees'!$B$5)*Data!I12)) -> #REF! | J10: =(F10+G10+I10)/Data!G12 -> #REF! | K10: ='SB525 Add-Ons'!$B$5 -> 1386763456 | L10: =J10+K10 -> #REF! | M10: =IF(Data!N12=1,(Data!H12/Data!G12),0) -> 0 | N10: =IF(M10>=20%,L10,"") | O10: =IF(Data!T12="Y",IF(L10>=$Q$65,$Q$65,L10),"") | P10: =IF(O10="","",$Q$68) | Q10: =IF(L10<$Q$65,L10,$Q$65) -> #REF!
A11: =Data!J13*Data!M13 -> 404571 | B11: =Data!K13*Data!M13 -> 7748774 | C11: =B11-A11 -> 7344203 | D11: =C11*'SWB Ratio'!$B$9/0.9 -> 4667055.8 | E11: =C11-D11 -> 2677147.2 | F11: =(A11*1) -> 404571 | G11: =D11*Data!#REF! -> #REF! | H11: =(E11-(Data!I13*'License Fees'!$A$5))*Data!#REF! -> #REF! | I11: =(H11+(IF(Data!C13=19,'License Fees'!$B$5+'License Fees'!$D$5,'License Fees'!$B$5)*Data!I13)) -> #REF! | J11: =(F11+G11+I11)/Data!G13 -> #REF! | K11: ='SB525 Add-Ons'!$B$5 -> 1386763456 | L11: =J11+K11 -> #REF! | M11: =IF(Data!N13=1,(Data!H13/Data!G13),0) -> 0.86452727 | N11: =IF(M11>=20%,L11,"") -> #REF! | O11: =IF(Data!T13="Y",IF(L11>=$Q$65,$Q$65,L11),"") | P11: =IF(O11="","",$Q$68) | Q11: =IF(L11<$Q$65,L11,$Q$65) -> #REF!
A12: =Data!J14*Data!M14 -> 51594 | B12: =Data!K14*Data!M14 -> 1833560 | C12: =B12-A12 -> 1781966 | D12: =C12*'SWB Ratio'!$B$9/0.9 -> 1132394.5 | E12: =C12-D12 -> 649571.54 | F12: =(A12*1) -> 51594 | G12: =D12*Data!#REF! -> #REF! | H12: =(E12-(Data!I14*'License Fees'!$A$5))*Data!#REF! -> #REF! | I12: =(H12+(IF(Data!C14=19,'License Fees'!$B$5+'License Fees'!$D$5,'License Fees'!$B$5)*Data!I14)) -> #REF! | J12: =(F12+G12+I12)/Data!G14 -> #REF! | K12: ='SB525 Add-Ons'!$B$5 -> 1386763456 | L12: =J12+K12 -> #REF! | M12: =IF(Data!N14=1,(Data!H14/Data!G14),0) -> 0 | N12: =IF(M12>=20%,L12,"") | O12: =IF(Data!T14="Y",IF(L12>=$Q$65,$Q$65,L12),"") | P12: =IF(O12="","",$Q$68) | Q12: =IF(L12<$Q$65,L12,$Q$65) -> #REF!
A13: =Data!J15*Data!M15 -> 247719 | B13: =Data!K15*Data!M15 -> 6988554 | C13: =B13-A13 -> 6740835 | D13: =C13*'SWB Ratio'!$B$9/0.9 -> 4283630.7 | E13: =C13-D13 -> 2457204.3 | F13: =(A13*1) -> 247719 | G13: =D13*Data!#REF! -> #REF! | H13: =(E13-(Data!I15*'License Fees'!$A$5))*Data!#REF! -> #REF! | I13: =(H13+(IF(Data!C15=19,'License Fees'!$B$5+'License Fees'!$D$5,'License Fees'!$B$5)*Data!I15)) -> #REF! | J13: =(F13+G13+I13)/Data!G15 -> #REF! | K13: ='SB525 Add-Ons'!$B$5 -> 1386763456 | L13: =J13+K13 -> #REF! | M13: =IF(Data!N15=1,(Data!H15/Data!G15),0) -> 0 | N13: =IF(M13>=20%,L13,"") | O13: =IF(Data!T15="Y",IF(L13>=$Q$65,$Q$65,L13),"") | P13: =IF(O13="","",$Q$68) | Q13: =IF(L13<$Q$65,L13,$Q$65) -> #REF!
A14: =Data!J16*Data!M16 -> 153925 | B14: =Data!K16*Data!M16 -> 10324765 | C14: =B14-A14 -> 10170840 | D14: =C14*'SWB Ratio'!$B$9/0.9 -> 6463312.4 | E14: =C14-D14 -> 3707527.6 | F14: =(A14*1) -> 153925 | G14: =D14*Data!#REF! -> #REF! | H14: =(E14-(Data!I16*'License Fees'!$A$5))*Data!#REF! -> #REF! | I14: =(H14+(IF(Data!C16=19,'License Fees'!$B$5+'License Fees'!$D$5,'License Fees'!$B$5)*Data!I16)) -> #REF! | J14: =(F14+G14+I14)/Data!G16 -> #REF! | K14: ='SB525 Add-Ons'!$B$5 -> 1386763456 | L14: =J14+K14 -> #REF! | M14: =IF(Data!N16=1,(Data!H16/Data!G16),0) -> 0.92738647 | N14: =IF(M14>=20%,L14,"") -> #REF! | O14: =IF(Data!T16="Y",IF(L14>=$Q$65,$Q$65,L14),"") -> #REF! | P14: =IF(O14="","",$Q$68) -> #REF! | Q14: =IF(L14<$Q$65,L14,$Q$65) -> #REF!
A15: =Data!J17*Data!M17 -> 0 | B15: =Data!K17*Data!M17 -> 63981928 | C15: =B15-A15 -> 63981928 | D15: =C15*'SWB Ratio'!$B$9/0.9 -> 40658902 | E15: =C15-D15 -> 23323026 | F15: =(A15*1) -> 0 | G15: =D15*Data!#REF! -> #REF! | H15: =(E15-(Data!I17*'License Fees'!$A$5))*Data!#REF! -> #REF! | I15: =(H15+(IF(Data!C17=19,'License Fees'!$B$5+'License Fees'!$D$5,'License Fees'!$B$5)*Data!I17)) -> #REF! | J15: =(F15+G15+I15)/Data!G17 -> #REF! | K15: ='SB525 Add-Ons'!$B$5 -> 1386763456 | L15: =J15+K15 -> #REF! | M15: =IF(Data!N17=1,(Data!H17/Data!G17),0) -> 0 | N15: =IF(M15>=20%,L15,"") | O15: =IF(Data!T17="Y",IF(L15>=$Q$65,$Q$65,L15),"") | P15: =IF(O15="","",$Q$68) | Q15: =IF(L15<$Q$65,L15,$Q$65) -> #REF!
A16: =Data!J18*Data!M18 -> 412430 | B16: =Data!K18*Data!M18 -> 12122911 | C16: =B16-A16 -> 11710481 | D16: =C16*'SWB Ratio'!$B$9/0.9 -> 7441715.4 | E16: =C16-D16 -> 4268765.6 | F16: =(A16*1) -> 412430 | G16: =D16*Data!#REF! -> #REF! | H16: =(E16-(Data!I18*'License Fees'!$A$5))*Data!#REF! -> #REF! | I16: =(H16+(IF(Data!C18=19,'License Fees'!$B$5+'License Fees'!$D$5,'License Fees'!$B$5)*Data!I18)) -> #REF! | J16: =(F16+G16+I16)/Data!G18 -> #REF! | K16: ='SB525 Add-Ons'!$B$5 -> 1386763456 | L16: =J16+K16 -> #REF! | M16: =IF(Data!N18=1,(Data!H18/Data!G18),0) -> 0 | N16: =IF(M16>=20%,L16,"") | O16: =IF(Data!T18="Y",IF(L16>=$Q$65,$Q$65,L16),"") | P16: =IF(O16="","",$Q$68) | Q16: =IF(L16<$Q$65,L16,$Q$65) -> #REF!
A17: =Data!J19*Data!M19 -> 270625 | B17: =Data!K19*Data!M19 -> 8519720 | C17: =B17-A17 -> 8249095 | D17: =C17*'SWB Ratio'!$B$9/0.9 -> 5242091.9 | E17: =C17-D17 -> 3007003.1 | F17: =(A17*1) -> 270625 | G17: =D17*Data!#REF! -> #REF! | H17: =(E17-(Data!I19*'License Fees'!$A$5))*Data!#REF! -> #REF! | I17: =(H17+(IF(Data!C19=19,'License Fees'!$B$5+'License Fees'!$D$5,'License Fees'!$B$5)*Data!I19)) -> #REF! | J17: =(F17+G17+I17)/Data!G19 -> #REF! | K17: ='SB525 Add-Ons'!$B$5 -> 1386763456 | L17: =J17+K17 -> #REF! | M17: =IF(Data!N19=1,(Data!H19/Data!G19),0) -> 0.21184211 | N17: =IF(M17>=20%,L17,"") -> #REF! | O17: =IF(Data!T19="Y",IF(L17>=$Q$65,$Q$65,L17),"") -> #REF! | P17: =IF(O17="","",$Q$68) -> #REF! | Q17: =IF(L17<$Q$65,L17,$Q$65) -> #REF!
A18: =Data!J20*Data!M20 -> 571933 | B18: =Data!K20*Data!M20 -> 6235261 | C18: =B18-A18 -> 5663328 | D18: =C18*'SWB Ratio'!$B$9/0.9 -> 3598902.1 | E18: =C18-D18 -> 2064425.9 | F18: =(A18*1) -> 571933 | G18: =D18*Data!#REF! -> #REF! | H18: =(E18-(Data!I20*'License Fees'!$A$5))*Data!#REF! -> #REF! | I18: =(H18+(IF(Data!C20=19,'License Fees'!$B$5+'License Fees'!$D$5,'License Fees'!$B$5)*Data!I20)) -> #REF! | J18: =(F18+G18+I18)/Data!G20 -> #REF! | K18: ='SB525 Add-Ons'!$B$5 -> 1386763456 | L18: =J18+K18 -> #REF! | M18: =IF(Data!N20=1,(Data!H20/Data!G20),0) -> 0.27150279 | N18: =IF(M18>=20%,L18,"") -> #REF! | O18: =IF(Data!T20="Y",IF(L18>=$Q$65,$Q$65,L18),"") | P18: =IF(O18="","",$Q$68) | Q18: =IF(L18<$Q$65,L18,$Q$65) -> #REF!
A19: =Data!J21*Data!M21 -> 154807 | B19: =Data!K21*Data!M21 -> 24364833 | C19: =B19-A19 -> 24210026 | D19: =C19*'SWB Ratio'!$B$9/0.9 -> 15384861 | E19: =C19-D19 -> 8825165 | F19: =(A19*1) -> 154807 | G19: =D19*Data!#REF! -> #REF! | H19: =(E19-(Data!I21*'License Fees'!$A$5))*Data!#REF! -> #REF! | I19: =(H19+(IF(Data!C21=19,'License Fees'!$B$5+'License Fees'!$D$5,'License Fees'!$B$5)*Data!I21)) -> #REF! | J19: =(F19+G19+I19)/Data!G21 -> #REF! | K19: ='SB525 Add-Ons'!$B$5 -> 1386763456 | L19: =J19+K19 -> #REF! | M19: =IF(Data!N21=1,(Data!H21/Data!G21),0) -> 0.48302095 | N19: =IF(M19>=20%,L19,"") -> #REF! | O19: =IF(Data!T21="Y",IF(L19>=$Q$65,$Q$65,L19),"") -> #REF! | P19: =IF(O19="","",$Q$68) -> #REF! | Q19: =IF(L19<$Q$65,L19,$Q$65) -> #REF!
A20: =Data!#REF!*Data!#REF! -> #REF! | B20: =Data!#REF!*Data!#REF! -> #REF! | C20: =B20-A20 -> #REF! | D20: =C20*'SWB Ratio'!$B$9/0.9 -> #REF! | E20: =C20-D20 -> #REF! | F20: =(A20*1) -> #REF! | G20: =D20*Data!#REF! -> #REF! | H20: =(E20-(Data!#REF!*'License Fees'!$A$5))*Data!#REF! -> #REF! | I20: =(H20+(IF(Data!#REF!=19,'License Fees'!$B$5+'License Fees'!$D$5,'License Fees'!$B$5)*Data!#REF!)) -> #REF! | J20: =(F20+G20+I20)/Data!#REF! -> #REF! | K20: ='SB525 Add-Ons'!$B$5 -> 1386763456 | L20: =J20+K20 -> #REF! | M20: =IF(Data!#REF!=1,(Data!#REF!/Data!#REF!),0) -> #REF! | N20: =IF(M20>=20%,L20,"") -> #REF! | O20: =IF(Data!#REF!="Y",IF(L20>=$Q$65,$Q$65,L20),"") -> #REF! | P20: =IF(O20="","",$Q$68) -> #REF! | Q20: =IF(L20<$Q$65,L20,$Q$65) -> #REF!
A21: =Data!J22*Data!M22 -> 353787 | B21: =Data!K22*Data!M22 -> 11687395 | C21: =B21-A21 -> 11333608 | D21: =C21*'SWB Ratio'!$B$9/0.9 -> 7202222.1 | E21: =C21-D21 -> 4131385.9 | F21: =(A21*1) -> 353787 | G21: =D21*Data!#REF! -> #REF! | H21: =(E21-(Data!I22*'License Fees'!$A$5))*Data!#REF! -> #REF! | I21: =(H21+(IF(Data!C22=19,'License Fees'!$B$5+'License Fees'!$D$5,'License Fees'!$B$5)*Data!I22)) -> #REF! | J21: =(F21+G21+I21)/Data!G22 -> #REF! | K21: ='SB525 Add-Ons'!$B$5 -> 1386763456 | L21: =J21+K21 -> #REF! | M21: =IF(Data!N22=1,(Data!H22/Data!G22),0) -> 0.9251759 | N21: =IF(M21>=20%,L21,"") -> #REF! | O21: =IF(Data!T22="Y",IF(L21>=$Q$65,$Q$65,L21),"") -> #REF! | P21: =IF(O21="","",$Q$68) -> #REF! | Q21: =IF(L21<$Q$65,L21,$Q$65) -> #REF!
A22: =Data!J23*Data!M23 -> 425003 | B22: =Data!K23*Data!M23 -> 35761701 | C22: =B22-A22 -> 35336698 | D22: =C22*'SWB Ratio'!$B$9/0.9 -> 22455581 | E22: =C22-D22 -> 12881117 | F22: =(A22*1) -> 425003 | G22: =D22*Data!#REF! -> #REF! | H22: =(E22-(Data!I23*'License Fees'!$A$5))*Data!#REF! -> #REF! | I22: =(H22+(IF(Data!C23=19,'License Fees'!$B$5+'License Fees'!$D$5,'License Fees'!$B$5)*Data!I23)) -> #REF! | J22: =(F22+G22+I22)/Data!G23 -> #REF! | K22: ='SB525 Add-Ons'!$B$5 -> 1386763456 | L22: =J22+K22 -> #REF! | M22: =IF(Data!N23=1,(Data!H23/Data!G23),0) -> 0 | N22: =IF(M22>=20%,L22,"") | O22: =IF(Data!T23="Y",IF(L22>=$Q$65,$Q$65,L22),"") | P22: =IF(O22="","",$Q$68) | Q22: =IF(L22<$Q$65,L22,$Q$65) -> #REF!
A23: =Data!J24*Data!M24 -> 962624 | B23: =Data!K24*Data!M24 -> 23398797 | C23: =B23-A23 -> 22436173 | D23: =C23*'SWB Ratio'!$B$9/0.9 -> 14257622 | E23: =C23-D23 -> 8178550.8 | F23: =(A23*1) -> 962624 | G23: =D23*Data!#REF! -> #REF! | H23: =(E23-(Data!I24*'License Fees'!$A$5))*Data!#REF! -> #REF! | I23: =(H23+(IF(Data!C24=19,'License Fees'!$B$5+'License Fees'!$D$5,'License Fees'!$B$5)*Data!I24)) -> #REF! | J23: =(F23+G23+I23)/Data!G24 -> #REF! | K23: ='SB525 Add-Ons'!$B$5 -> 1386763456 | L23: =J23+K23 -> #REF! | M23: =IF(Data!N24=1,(Data!H24/Data!G24),0) -> 0 | N23: =IF(M23>=20%,L23,"") | O23: =IF(Data!T24="Y",IF(L23>=$Q$65,$Q$65,L23),"") | P23: =IF(O23="","",$Q$68) | Q23: =IF(L23<$Q$65,L23,$Q$65) -> #REF!
A24: =Data!J25*Data!M25 -> 7079926 | B24: =Data!K25*Data!M25 -> 85646612 | C24: =B24-A24 -> 78566686 | D24: =C24*'SWB Ratio'!$B$9/0.9 -> 49927148 | E24: =C24-D24 -> 28639538 | F24: =(A24*1) -> 7079926 | G24: =D24*Data!#REF! -> #REF! | H24: =(E24-(Data!I25*'License Fees'!$A$5))*Data!#REF! -> #REF! | I24: =(H24+(IF(Data!C25=19,'License Fees'!$B$5+'License Fees'!$D$5,'License Fees'!$B$5)*Data!I25)) -> #REF! | J24: =(F24+G24+I24)/Data!G25 -> #REF! | K24: ='SB525 Add-Ons'!$B$5 -> 1386763456 | L24: =J24+K24 -> #REF! | M24: =IF(Data!N25=1,(Data!H25/Data!G25),0) -> 0.72492066 | N24: =IF(M24>=20%,L24,"") -> #REF! | O24: =IF(Data!T25="Y",IF(L24>=$Q$65,$Q$65,L24),"") | P24: =IF(O24="","",$Q$68) | Q24: =IF(L24<$Q$65,L24,$Q$65) -> #REF!
A25: =Data!J27*Data!M27 -> 3572189 | B25: =Data!K27*Data!M27 -> 41267660 | C25: =B25-A25 -> 37695471 | D25: =C25*'SWB Ratio'!$B$9/0.9 -> 23954521 | E25: =C25-D25 -> 13740950 | F25: =(A25*1) -> 3572189 | G25: =D25*Data!#REF! -> #REF! | H25: =(E25-(Data!I27*'License Fees'!$A$5))*Data!#REF! -> #REF! | I25: =(H25+(IF(Data!C27=19,'License Fees'!$B$5+'License Fees'!$D$5,'License Fees'!$B$5)*Data!I27)) -> #REF! | J25: =(F25+G25+I25)/Data!G27 -> #REF! | K25: ='SB525 Add-Ons'!$B$5 -> 1386763456 | L25: =J25+K25 -> #REF! | M25: =IF(Data!N27=1,(Data!H27/Data!G27),0) -> 0.8571867 | N25: =IF(M25>=20%,L25,"") -> #REF! | O25: =IF(Data!T27="Y",IF(L25>=$Q$65,$Q$65,L25),"") | P25: =IF(O25="","",$Q$68) | Q25: =IF(L25<$Q$65,L25,$Q$65) -> #REF!
A26: =Data!J28*Data!M28 -> 81005 | B26: =Data!K28*Data!M28 -> 2533136 | C26: =B26-A26 -> 2452131 | D26: =C26*'SWB Ratio'!$B$9/0.9 -> 1558267.4 | E26: =C26-D26 -> 893863.58 | F26: =(A26*1) -> 81005 | G26: =D26*Data!#REF! -> #REF! | H26: =(E26-(Data!I28*'License Fees'!$A$5))*Data!#REF! -> #REF! | I26: =(H26+(IF(Data!C28=19,'License Fees'!$B$5+'License Fees'!$D$5,'License Fees'!$B$5)*Data!I28)) -> #REF! | J26: =(F26+G26+I26)/Data!G28 -> #REF! | K26: ='SB525 Add-Ons'!$B$5 -> 1386763456 | L26: =J26+K26 -> #REF! | M26: =IF(Data!N28=1,(Data!H28/Data!G28),0) -> 0.18333737 | N26: =IF(M26>=20%,L26,"") | O26: =IF(Data!T28="Y",IF(L26>=$Q$65,$Q$65,L26),"") | P26: =IF(O26="","",$Q$68) | Q26: =IF(L26<$Q$65,L26,$Q$65) -> #REF!
A27: =Data!J29*Data!M29 -> 250353 | B27: =Data!K29*Data!M29 -> 7222108 | C27: =B27-A27 -> 6971755 | D27: =C27*'SWB Ratio'!$B$9/0.9 -> 4430374.5 | E27: =C27-D27 -> 2541380.5 | F27: =(A27*1) -> 250353 | G27: =D27*Data!#REF! -> #REF! | H27: =(E27-(Data!I29*'License Fees'!$A$5))*Data!#REF! -> #REF! | I27: =(H27+(IF(Data!C29=19,'License Fees'!$B$5+'License Fees'!$D$5,'License Fees'!$B$5)*Data!I29)) -> #REF! | J27: =(F27+G27+I27)/Data!G29 -> #REF! | K27: ='SB525 Add-Ons'!$B$5 -> 1386763456 | L27: =J27+K27 -> #REF! | M27: =IF(Data!N29=1,(Data!H29/Data!G29),0) -> 0.79272263 | N27: =IF(M27>=20%,L27,"") -> #REF! | O27: =IF(Data!T29="Y",IF(L27>=$Q$65,$Q$65,L27),"") -> #REF! | P27: =IF(O27="","",$Q$68) -> #REF! | Q27: =IF(L27<$Q$65,L27,$Q$65) -> #REF!
A28: =Data!J30*Data!M30 -> 59665 | B28: =Data!K30*Data!M30 -> 2894243 | C28: =B28-A28 -> 2834578 | D28: =C28*'SWB Ratio'!$B$9/0.9 -> 1801302.8 | E28: =C28-D28 -> 1033275.2 | F28: =(A28*1) -> 59665 | G28: =D28*Data!#REF! -> #REF! | H28: =(E28-(Data!I30*'License Fees'!$A$5))*Data!#REF! -> #REF! | I28: =(H28+(IF(Data!C30=19,'License Fees'!$B$5+'License Fees'!$D$5,'License Fees'!$B$5)*Data!I30)) -> #REF! | J28: =(F28+G28+I28)/Data!G30 -> #REF! | K28: ='SB525 Add-Ons'!$B$5 -> 1386763456 | L28: =J28+K28 -> #REF! | M28: =IF(Data!N30=1,(Data!H30/Data!G30),0) -> 0.21752336 | N28: =IF(M28>=20%,L28,"") -> #REF! | O28: =IF(Data!T30="Y",IF(L28>=$Q$65,$Q$65,L28),"") | P28: =IF(O28="","",$Q$68) | Q28: =IF(L28<$Q$65,L28,$Q$65) -> #REF!
A29: =Data!J32*Data!M32 -> 18826496 | B29: =Data!K32*Data!M32 -> 315203106 | C29: =B29-A29 -> 296376610 | D29: =C29*'SWB Ratio'!$B$9/0.9 -> 1.8833986e+08 | E29: =C29-D29 -> 1.0803675e+08 | F29: =(A29*1) -> 18826496 | G29: =D29*Data!#REF! -> #REF! | H29: =(E29-(Data!I32*'License Fees'!$A$5))*Data!#REF! -> #REF! | I29: =(H29+(IF(Data!C32=19,'License Fees'!$B$5+'License Fees'!$D$5,'License Fees'!$B$5)*Data!I32)) -> #REF! | J29: =(F29+G29+I29)/Data!G32 -> #REF! | K29: ='SB525 Add-Ons'!$B$5 -> 1386763456 | L29: =J29+K29 -> #REF! | M29: =IF(Data!N32=1,(Data!H32/Data!G32),0) -> 0.99318755 | N29: =IF(M29>=20%,L29,"") -> #REF! | O29: =IF(Data!T32="Y",IF(L29>=$Q$65,$Q$65,L29),"") | P29: =IF(O29="","",$Q$68) | Q29: =IF(L29<$Q$65,L29,$Q$65) -> #REF!
A30: =Data!J33*Data!M33 -> 268109 | B30: =Data!K33*Data!M33 -> 17844841 | C30: =B30-A30 -> 17576732 | D30: =C30*'SWB Ratio'!$B$9/0.9 -> 11169570 | E30: =C30-D30 -> 6407162 | F30: =(A30*1) -> 268109 | G30: =D30*Data!#REF! -> #REF! | H30: =(E30-(Data!I33*'License Fees'!$A$5))*Data!#REF! -> #REF! | I30: =(H30+(IF(Data!C33=19,'License Fees'!$B$5+'License Fees'!$D$5,'License Fees'!$B$5)*Data!I33)) -> #REF! | J30: =(F30+G30+I30)/Data!G33 -> #REF! | K30: ='SB525 Add-Ons'!$B$5 -> 1386763456 | L30: =J30+K30 -> #REF! | M30: =IF(Data!N33=1,(Data!H33/Data!G33),0) -> 0.82810914 | N30: =IF(M30>=20%,L30,"") -> #REF! | O30: =IF(Data!T33="Y",IF(L30>=$Q$65,$Q$65,L30),"") -> #REF! | P30: =IF(O30="","",$Q$68) -> #REF! | Q30: =IF(L30<$Q$65,L30,$Q$65) -> #REF!
A31: =Data!J34*Data!M34 -> 678243 | B31: =Data!K34*Data!M34 -> 19319486 | C31: =B31-A31 -> 18641243 | D31: =C31*'SWB Ratio'!$B$9/0.9 -> 11846040 | E31: =C31-D31 -> 6795203.1 | F31: =(A31*1) -> 678243 | G31: =D31*Data!#REF! -> #REF! | H31: =(E31-(Data!I34*'License Fees'!$A$5))*Data!#REF! -> #REF! | I31: =(H31+(IF(Data!C34=19,'License Fees'!$B$5+'License Fees'!$D$5,'License Fees'!$B$5)*Data!I34)) -> #REF! | J31: =(F31+G31+I31)/Data!G34 -> #REF! | K31: ='SB525 Add-Ons'!$B$5 -> 1386763456 | L31: =J31+K31 -> #REF! | M31: =IF(Data!N34=1,(Data!H34/Data!G34),0) -> 0.59144954 | N31: =IF(M31>=20%,L31,"") -> #REF! | O31: =IF(Data!T34="Y",IF(L31>=$Q$65,$Q$65,L31),"") | P31: =IF(O31="","",$Q$68) | Q31: =IF(L31<$Q$65,L31,$Q$65) -> #REF!
A32: =Data!J35*Data!M35 -> 1008558 | B32: =Data!K35*Data!M35 -> 17681032 | C32: =B32-A32 -> 16672474 | D32: =C32*'SWB Ratio'!$B$9/0.9 -> 10594937 | E32: =C32-D32 -> 6077537.2 | F32: =(A32*1) -> 1008558 | G32: =D32*Data!#REF! -> #REF! | H32: =(E32-(Data!I35*'License Fees'!$A$5))*Data!#REF! -> #REF! | I32: =(H32+(IF(Data!C35=19,'License Fees'!$B$5+'License Fees'!$D$5,'License Fees'!$B$5)*Data!I35)) -> #REF! | J32: =(F32+G32+I32)/Data!G35 -> #REF! | K32: ='SB525 Add-Ons'!$B$5 -> 1386763456 | L32: =J32+K32 -> #REF! | M32: =IF(Data!N35=1,(Data!H35/Data!G35),0) -> 0.92667129 | N32: =IF(M32>=20%,L32,"") -> #REF! | O32: =IF(Data!T35="Y",IF(L32>=$Q$65,$Q$65,L32),"") -> #REF! | P32: =IF(O32="","",$Q$68) -> #REF! | Q32: =IF(L32<$Q$65,L32,$Q$65) -> #REF!
A33: =Data!J36*Data!M36 -> 2065229 | B33: =Data!K36*Data!M36 -> 18816019 | C33: =B33-A33 -> 16750790 | D33: =C33*'SWB Ratio'!$B$9/0.9 -> 10644705 | E33: =C33-D33 -> 6106085.3 | F33: =(A33*1) -> 2065229 | G33: =D33*Data!#REF! -> #REF! | H33: =(E33-(Data!I36*'License Fees'!$A$5))*Data!#REF! -> #REF! | I33: =(H33+(IF(Data!C36=19,'License Fees'!$B$5+'License Fees'!$D$5,'License Fees'!$B$5)*Data!I36)) -> #REF! | J33: =(F33+G33+I33)/Data!G36 -> #REF! | K33: ='SB525 Add-Ons'!$B$5 -> 1386763456 | L33: =J33+K33 -> #REF! | M33: =IF(Data!N36=1,(Data!H36/Data!G36),0) -> 0 | N33: =IF(M33>=20%,L33,"") | O33: =IF(Data!T36="Y",IF(L33>=$Q$65,$Q$65,L33),"") | P33: =IF(O33="","",$Q$68) | Q33: =IF(L33<$Q$65,L33,$Q$65) -> #REF!
A34: =Data!J37*Data!M37 -> 161366 | B34: =Data!K37*Data!M37 -> 8912804 | C34: =B34-A34 -> 8751438 | D34: =C34*'SWB Ratio'!$B$9/0.9 -> 5561318.2 | E34: =C34-D34 -> 3190119.8 | F34: =(A34*1) -> 161366 | G34: =D34*Data!#REF! -> #REF! | H34: =(E34-(Data!I37*'License Fees'!$A$5))*Data!#REF! -> #REF! | I34: =(H34+(IF(Data!C37=19,'License Fees'!$B$5+'License Fees'!$D$5,'License Fees'!$B$5)*Data!I37)) -> #REF! | J34: =(F34+G34+I34)/Data!G37 -> #REF! | K34: ='SB525 Add-Ons'!$B$5 -> 1386763456 | L34: =J34+K34 -> #REF! | M34: =IF(Data!N37=1,(Data!H37/Data!G37),0) -> 0.96064604 | N34: =IF(M34>=20%,L34,"") -> #REF! | O34: =IF(Data!T37="Y",IF(L34>=$Q$65,$Q$65,L34),"") -> #REF! | P34: =IF(O34="","",$Q$68) -> #REF! | Q34: =IF(L34<$Q$65,L34,$Q$65) -> #REF!
A35: =Data!J38*Data!M38 -> 749100 | B35: =Data!K38*Data!M38 -> 24936876 | C35: =B35-A35 -> 24187776 | D35: =C35*'SWB Ratio'!$B$9/0.9 -> 15370722 | E35: =C35-D35 -> 8817054.3 | F35: =(A35*1) -> 749100 | G35: =D35*Data!#REF! -> #REF! | H35: =(E35-(Data!I38*'License Fees'!$A$5))*Data!#REF! -> #REF! | I35: =(H35+(IF(Data!C38=19,'License Fees'!$B$5+'License Fees'!$D$5,'License Fees'!$B$5)*Data!I38)) -> #REF! | J35: =(F35+G35+I35)/Data!G38 -> #REF! | K35: ='SB525 Add-Ons'!$B$5 -> 1386763456 | L35: =J35+K35 -> #REF! | M35: =IF(Data!N38=1,(Data!H38/Data!G38),0) -> 0.95958579 | N35: =IF(M35>=20%,L35,"") -> #REF! | O35: =IF(Data!T38="Y",IF(L35>=$Q$65,$Q$65,L35),"") | P35: =IF(O35="","",$Q$68) | Q35: =IF(L35<$Q$65,L35,$Q$65) -> #REF!
A36: =Data!J39*Data!M39 -> 380017 | B36: =Data!K39*Data!M39 -> 4810358 | C36: =B36-A36 -> 4430341 | D36: =C36*'SWB Ratio'!$B$9/0.9 -> 2815370 | E36: =C36-D36 -> 1614971 | F36: =(A36*1) -> 380017 | G36: =D36*Data!#REF! -> #REF! | H36: =(E36-(Data!I39*'License Fees'!$A$5))*Data!#REF! -> #REF! | I36: =(H36+(IF(Data!C39=19,'License Fees'!$B$5+'License Fees'!$D$5,'License Fees'!$B$5)*Data!I39)) -> #REF! | J36: =(F36+G36+I36)/Data!G39 -> #REF! | K36: ='SB525 Add-Ons'!$B$5 -> 1386763456 | L36: =J36+K36 -> #REF! | M36: =IF(Data!N39=1,(Data!H39/Data!G39),0) -> 0.98877035 | N36: =IF(M36>=20%,L36,"") -> #REF! | O36: =IF(Data!T39="Y",IF(L36>=$Q$65,$Q$65,L36),"") -> #REF! | P36: =IF(O36="","",$Q$68) -> #REF! | Q36: =IF(L36<$Q$65,L36,$Q$65) -> #REF!
A37: =Data!#REF!*Data!#REF! -> #REF! | B37: =Data!#REF!*Data!#REF! -> #REF! | C37: =B37-A37 -> #REF! | D37: =C37*'SWB Ratio'!$B$9/0.9 -> #REF! | E37: =C37-D37 -> #REF! | F37: =(A37*1) -> #REF! | G37: =D37*Data!#REF! -> #REF! | H37: =(E37-(Data!#REF!*'License Fees'!$A$5))*Data!#REF! -> #REF! | I37: =(H37+(IF(Data!#REF!=19,'License Fees'!$B$5+'License Fees'!$D$5,'License Fees'!$B$5)*Data!#REF!)) -> #REF! | J37: =(F37+G37+I37)/Data!#REF! -> #REF! | K37: ='SB525 Add-Ons'!$B$5 -> 1386763456 | L37: =J37+K37 -> #REF! | M37: =IF(Data!#REF!=1,(Data!#REF!/Data!#REF!),0) -> #REF! | N37: =IF(M37>=20%,L37,"") -> #REF! | O37: =IF(Data!#REF!="Y",IF(L37>=$Q$65,$Q$65,L37),"") -> #REF! | P37: =IF(O37="","",$Q$68) -> #REF! | Q37: =IF(L37<$Q$65,L37,$Q$65) -> #REF!
A38: =Data!J40*Data!M40 -> 1429259 | B38: =Data!K40*Data!M40 -> 16075752 | C38: =B38-A38 -> 14646493 | D38: =C38*'SWB Ratio'!$B$9/0.9 -> 9307477 | E38: =C38-D38 -> 5339016 | F38: =(A38*1) -> 1429259 | G38: =D38*Data!#REF! -> #REF! | H38: =(E38-(Data!I40*'License Fees'!$A$5))*Data!#REF! -> #REF! | I38: =(H38+(IF(Data!C40=19,'License Fees'!$B$5+'License Fees'!$D$5,'License Fees'!$B$5)*Data!I40)) -> #REF! | J38: =(F38+G38+I38)/Data!G40 -> #REF! | K38: ='SB525 Add-Ons'!$B$5 -> 1386763456 | L38: =J38+K38 -> #REF! | M38: =IF(Data!N40=1,(Data!H40/Data!G40),0) -> 0.90467632 | N38: =IF(M38>=20%,L38,"") -> #REF! | O38: =IF(Data!T40="Y",IF(L38>=$Q$65,$Q$65,L38),"") | P38: =IF(O38="","",$Q$68) | Q38: =IF(L38<$Q$65,L38,$Q$65) -> #REF!
A39: =Data!J41*Data!M41 -> 657492 | B39: =Data!K41*Data!M41 -> 21710399 | C39: =B39-A39 -> 21052907 | D39: =C39*'SWB Ratio'!$B$9/0.9 -> 13378592 | E39: =C39-D39 -> 7674315.5 | F39: =(A39*1) -> 657492 | G39: =D39*Data!#REF! -> #REF! | H39: =(E39-(Data!I41*'License Fees'!$A$5))*Data!#REF! -> #REF! | I39: =(H39+(IF(Data!C41=19,'License Fees'!$B$5+'License Fees'!$D$5,'License Fees'!$B$5)*Data!I41)) -> #REF! | J39: =(F39+G39+I39)/Data!G41 -> #REF! | K39: ='SB525 Add-Ons'!$B$5 -> 1386763456 | L39: =J39+K39 -> #REF! | M39: =IF(Data!N41=1,(Data!H41/Data!G41),0) -> 0.76553144 | N39: =IF(M39>=20%,L39,"") -> #REF! | O39: =IF(Data!T41="Y",IF(L39>=$Q$65,$Q$65,L39),"") -> #REF! | P39: =IF(O39="","",$Q$68) -> #REF! | Q39: =IF(L39<$Q$65,L39,$Q$65) -> #REF!
A40: =Data!#REF!*Data!#REF! -> #REF! | B40: =Data!#REF!*Data!#REF! -> #REF! | C40: =B40-A40 -> #REF! | D40: =C40*'SWB Ratio'!$B$9/0.9 -> #REF! | E40: =C40-D40 -> #REF! | F40: =(A40*1) -> #REF! | G40: =D40*Data!#REF! -> #REF! | H40: =(E40-(Data!#REF!*'License Fees'!$A$5))*Data!#REF! -> #REF! | I40: =(H40+(IF(Data!#REF!=19,'License Fees'!$B$5+'License Fees'!$D$5,'License Fees'!$B$5)*Data!#REF!)) -> #REF! | J40: =(F40+G40+I40)/Data!#REF! -> #REF! | K40: ='SB525 Add-Ons'!$B$5 -> 1386763456 | L40: =J40+K40 -> #REF! | M40: =IF(Data!#REF!=1,(Data!#REF!/Data!#REF!),0) -> #REF! | N40: =IF(M40>=20%,L40,"") -> #REF! | O40: =IF(Data!#REF!="Y",IF(L40>=$Q$65,$Q$65,L40),"") -> #REF! | P40: =IF(O40="","",$Q$68) -> #REF! | Q40: =IF(L40<$Q$65,L40,$Q$65) -> #REF!
A41: =Data!J42*Data!M42 -> 742198 | B41: =Data!K42*Data!M42 -> 16433883 | C41: =B41-A41 -> 15691685 | D41: =C41*'SWB Ratio'!$B$9/0.9 -> 9971670.1 | E41: =C41-D41 -> 5720014.9 | F41: =(A41*1) -> 742198 | G41: =D41*Data!#REF! -> #REF! | H41: =(E41-(Data!I42*'License Fees'!$A$5))*Data!#REF! -> #REF! | I41: =(H41+(IF(Data!C42=19,'License Fees'!$B$5+'License Fees'!$D$5,'License Fees'!$B$5)*Data!I42)) -> #REF! | J41: =(F41+G41+I41)/Data!G42 -> #REF! | K41: ='SB525 Add-Ons'!$B$5 -> 1386763456 | L41: =J41+K41 -> #REF! | M41: =IF(Data!N42=1,(Data!H42/Data!G42),0) -> 0.54090165 | N41: =IF(M41>=20%,L41,"") -> #REF! | O41: =IF(Data!T42="Y",IF(L41>=$Q$65,$Q$65,L41),"") | P41: =IF(O41="","",$Q$68) | Q41: =IF(L41<$Q$65,L41,$Q$65) -> #REF!
A42: =Data!J44*Data!M44 -> 592576 | B42: =Data!K44*Data!M44 -> 25003586 | C42: =B42-A42 -> 24411010 | D42: =C42*'SWB Ratio'!$B$9/0.9 -> 15512581 | E42: =C42-D42 -> 8898428.7 | F42: =(A42*1) -> 592576 | G42: =D42*Data!#REF! -> #REF! | H42: =(E42-(Data!I44*'License Fees'!$A$5))*Data!#REF! -> #REF! | I42: =(H42+(IF(Data!C44=19,'License Fees'!$B$5+'License Fees'!$D$5,'License Fees'!$B$5)*Data!I44)) -> #REF! | J42: =(F42+G42+I42)/Data!G44 -> #REF! | K42: ='SB525 Add-Ons'!$B$5 -> 1386763456 | L42: =J42+K42 -> #REF! | M42: =IF(Data!N44=1,(Data!H44/Data!G44),0) -> 0.026160381 | N42: =IF(M42>=20%,L42,"") | O42: =IF(Data!T44="Y",IF(L42>=$Q$65,$Q$65,L42),"") | P42: =IF(O42="","",$Q$68) | Q42: =IF(L42<$Q$65,L42,$Q$65) -> #REF!
A43: =Data!J45*Data!M45 -> 790145 | B43: =Data!K45*Data!M45 -> 42245320 | C43: =B43-A43 -> 41455175 | D43: =C43*'SWB Ratio'!$B$9/0.9 -> 26343718 | E43: =C43-D43 -> 15111457 | F43: =(A43*1) -> 790145 | G43: =D43*Data!#REF! -> #REF! | H43: =(E43-(Data!I45*'License Fees'!$A$5))*Data!#REF! -> #REF! | I43: =(H43+(IF(Data!C45=19,'License Fees'!$B$5+'License Fees'!$D$5,'License Fees'!$B$5)*Data!I45)) -> #REF! | J43: =(F43+G43+I43)/Data!G45 -> #REF! | K43: ='SB525 Add-Ons'!$B$5 -> 1386763456 | L43: =J43+K43 -> #REF! | M43: =IF(Data!N45=1,(Data!H45/Data!G45),0) -> 0 | N43: =IF(M43>=20%,L43,"") | O43: =IF(Data!T45="Y",IF(L43>=$Q$65,$Q$65,L43),"") | P43: =IF(O43="","",$Q$68) | Q43: =IF(L43<$Q$65,L43,$Q$65) -> #REF!
A44: =Data!J46*Data!M46 -> 559140 | B44: =Data!K46*Data!M46 -> 8588431 | C44: =B44-A44 -> 8029291 | D44: =C44*'SWB Ratio'!$B$9/0.9 -> 5102412 | E44: =C44-D44 -> 2926879 | F44: =(A44*1) -> 559140 | G44: =D44*Data!#REF! -> #REF! | H44: =(E44-(Data!I46*'License Fees'!$A$5))*Data!#REF! -> #REF! | I44: =(H44+(IF(Data!C46=19,'License Fees'!$B$5+'License Fees'!$D$5,'License Fees'!$B$5)*Data!I46)) -> #REF! | J44: =(F44+G44+I44)/Data!G46 -> #REF! | K44: ='SB525 Add-Ons'!$B$5 -> 1386763456 | L44: =J44+K44 -> #REF! | M44: =IF(Data!N46=1,(Data!H46/Data!G46),0) -> 0.81642596 | N44: =IF(M44>=20%,L44,"") -> #REF! | O44: =IF(Data!T46="Y",IF(L44>=$Q$65,$Q$65,L44),"") | P44: =IF(O44="","",$Q$68) | Q44: =IF(L44<$Q$65,L44,$Q$65) -> #REF!
A45: =Data!J47*Data!M47 -> 674663 | B45: =Data!K47*Data!M47 -> 14820278 | C45: =B45-A45 -> 14145615 | D45: =C45*'SWB Ratio'!$B$9/0.9 -> 8989181.6 | E45: =C45-D45 -> 5156433.4 | F45: =(A45*1) -> 674663 | G45: =D45*Data!#REF! -> #REF! | H45: =(E45-(Data!I47*'License Fees'!$A$5))*Data!#REF! -> #REF! | I45: =(H45+(IF(Data!C47=19,'License Fees'!$B$5+'License Fees'!$D$5,'License Fees'!$B$5)*Data!I47)) -> #REF! | J45: =(F45+G45+I45)/Data!G47 -> #REF! | K45: ='SB525 Add-Ons'!$B$5 -> 1386763456 | L45: =J45+K45 -> #REF! | M45: =IF(Data!N47=1,(Data!H47/Data!G47),0) -> 0.82834822 | N45: =IF(M45>=20%,L45,"") -> #REF! | O45: =IF(Data!T47="Y",IF(L45>=$Q$65,$Q$65,L45),"") -> #REF! | P45: =IF(O45="","",$Q$68) -> #REF! | Q45: =IF(L45<$Q$65,L45,$Q$65) -> #REF!
A46: =Data!J48*Data!M48 -> 984835 | B46: =Data!K48*Data!M48 -> 13996804 | C46: =B46-A46 -> 13011969 | D46: =C46*'SWB Ratio'!$B$9/0.9 -> 8268778.2 | E46: =C46-D46 -> 4743190.8 | F46: =(A46*1) -> 984835 | G46: =D46*Data!#REF! -> #REF! | H46: =(E46-(Data!I48*'License Fees'!$A$5))*Data!#REF! -> #REF! | I46: =(H46+(IF(Data!C48=19,'License Fees'!$B$5+'License Fees'!$D$5,'License Fees'!$B$5)*Data!I48)) -> #REF! | J46: =(F46+G46+I46)/Data!G48 -> #REF! | K46: ='SB525 Add-Ons'!$B$5 -> 1386763456 | L46: =J46+K46 -> #REF! | M46: =IF(Data!N48=1,(Data!H48/Data!G48),0) -> 0.77601067 | N46: =IF(M46>=20%,L46,"") -> #REF! | O46: =IF(Data!T48="Y",IF(L46>=$Q$65,$Q$65,L46),"") | P46: =IF(O46="","",$Q$68) | Q46: =IF(L46<$Q$65,L46,$Q$65) -> #REF!
A47: =Data!J49*Data!M49 -> 136817 | B47: =Data!K49*Data!M49 -> 15252192 | C47: =B47-A47 -> 15115375 | D47: =C47*'SWB Ratio'!$B$9/0.9 -> 9605439.7 | E47: =C47-D47 -> 5509935.3 | F47: =(A47*1) -> 136817 | G47: =D47*Data!#REF! -> #REF! | H47: =(E47-(Data!I49*'License Fees'!$A$5))*Data!#REF! -> #REF! | I47: =(H47+(IF(Data!C49=19,'License Fees'!$B$5+'License Fees'!$D$5,'License Fees'!$B$5)*Data!I49)) -> #REF! | J47: =(F47+G47+I47)/Data!G49 -> #REF! | K47: ='SB525 Add-Ons'!$B$5 -> 1386763456 | L47: =J47+K47 -> #REF! | M47: =IF(Data!N49=1,(Data!H49/Data!G49),0) -> 0 | N47: =IF(M47>=20%,L47,"") | O47: =IF(Data!T49="Y",IF(L47>=$Q$65,$Q$65,L47),"") | P47: =IF(O47="","",$Q$68) | Q47: =IF(L47<$Q$65,L47,$Q$65) -> #REF!
A48: =Data!J50*Data!M50 -> 1150047 | B48: =Data!K50*Data!M50 -> 50260317 | C48: =B48-A48 -> 49110270 | D48: =C48*'SWB Ratio'!$B$9/0.9 -> 31208338 | E48: =C48-D48 -> 17901932 | F48: =(A48*1) -> 1150047 | G48: =D48*Data!#REF! -> #REF! | H48: =(E48-(Data!I50*'License Fees'!$A$5))*Data!#REF! -> #REF! | I48: =(H48+(IF(Data!C50=19,'License Fees'!$B$5+'License Fees'!$D$5,'License Fees'!$B$5)*Data!I50)) -> #REF! | J48: =(F48+G48+I48)/Data!G50 -> #REF! | K48: ='SB525 Add-Ons'!$B$5 -> 1386763456 | L48: =J48+K48 -> #REF! | M48: =IF(Data!N50=1,(Data!H50/Data!G50),0) -> 0.824313 | N48: =IF(M48>=20%,L48,"") -> #REF! | O48: =IF(Data!T50="Y",IF(L48>=$Q$65,$Q$65,L48),"") | P48: =IF(O48="","",$Q$68) | Q48: =IF(L48<$Q$65,L48,$Q$65) -> #REF!
A49: =Data!J51*Data!M51 -> 361926 | B49: =Data!K51*Data!M51 -> 17025589 | C49: =B49-A49 -> 16663663 | D49: =C49*'SWB Ratio'!$B$9/0.9 -> 10589338 | E49: =C49-D49 -> 6074325.4 | F49: =(A49*1) -> 361926 | G49: =D49*Data!#REF! -> #REF! | H49: =(E49-(Data!I51*'License Fees'!$A$5))*Data!#REF! -> #REF! | I49: =(H49+(IF(Data!C51=19,'License Fees'!$B$5+'License Fees'!$D$5,'License Fees'!$B$5)*Data!I51)) -> #REF! | J49: =(F49+G49+I49)/Data!G51 -> #REF! | K49: ='SB525 Add-Ons'!$B$5 -> 1386763456 | L49: =J49+K49 -> #REF! | M49: =IF(Data!N51=1,(Data!H51/Data!G51),0) -> 0 | N49: =IF(M49>=20%,L49,"") | O49: =IF(Data!T51="Y",IF(L49>=$Q$65,$Q$65,L49),"") | P49: =IF(O49="","",$Q$68) | Q49: =IF(L49<$Q$65,L49,$Q$65) -> #REF!
A50: =Data!J52*Data!M52 -> 71811 | B50: =Data!K52*Data!M52 -> 4014231 | C50: =B50-A50 -> 3942420 | D50: =C50*'SWB Ratio'!$B$9/0.9 -> 2505308.5 | E50: =C50-D50 -> 1437111.5 | F50: =(A50*1) -> 71811 | G50: =D50*Data!#REF! -> #REF! | H50: =(E50-(Data!I52*'License Fees'!$A$5))*Data!#REF! -> #REF! | I50: =(H50+(IF(Data!C52=19,'License Fees'!$B$5+'License Fees'!$D$5,'License Fees'!$B$5)*Data!I52)) -> #REF! | J50: =(F50+G50+I50)/Data!G52 -> #REF! | K50: ='SB525 Add-Ons'!$B$5 -> 1386763456 | L50: =J50+K50 -> #REF! | M50: =IF(Data!N52=1,(Data!H52/Data!G52),0) -> 0.96959592 | N50: =IF(M50>=20%,L50,"") -> #REF! | O50: =IF(Data!T52="Y",IF(L50>=$Q$65,$Q$65,L50),"") -> #REF! | P50: =IF(O50="","",$Q$68) -> #REF! | Q50: =IF(L50<$Q$65,L50,$Q$65) -> #REF!
A51: =Data!J54*Data!M54 -> 1711346 | B51: =Data!K54*Data!M54 -> 28025165 | C51: =B51-A51 -> 26313819 | D51: =C51*'SWB Ratio'!$B$9/0.9 -> 16721768 | E51: =C51-D51 -> 9592050.6 | F51: =(A51*1) -> 1711346 | G51: =D51*Data!#REF! -> #REF! | H51: =(E51-(Data!I54*'License Fees'!$A$5))*Data!#REF! -> #REF! | I51: =(H51+(IF(Data!C54=19,'License Fees'!$B$5+'License Fees'!$D$5,'License Fees'!$B$5)*Data!I54)) -> #REF! | J51: =(F51+G51+I51)/Data!G54 -> #REF! | K51: ='SB525 Add-Ons'!$B$5 -> 1386763456 | L51: =J51+K51 -> #REF! | M51: =IF(Data!N54=1,(Data!H54/Data!G54),0) -> 0.63071862 | N51: =IF(M51>=20%,L51,"") -> #REF! | O51: =IF(Data!T54="Y",IF(L51>=$Q$65,$Q$65,L51),"") | P51: =IF(O51="","",$Q$68) | Q51: =IF(L51<$Q$65,L51,$Q$65) -> #REF!
A52: =Data!J55*Data!M55 -> 1004188 | B52: =Data!K55*Data!M55 -> 13421684 | C52: =B52-A52 -> 12417496 | D52: =C52*'SWB Ratio'!$B$9/0.9 -> 7891005.6 | E52: =C52-D52 -> 4526490.4 | F52: =(A52*1) -> 1004188 | G52: =D52*Data!#REF! -> #REF! | H52: =(E52-(Data!I55*'License Fees'!$A$5))*Data!#REF! -> #REF! | I52: =(H52+(IF(Data!C55=19,'License Fees'!$B$5+'License Fees'!$D$5,'License Fees'!$B$5)*Data!I55)) -> #REF! | J52: =(F52+G52+I52)/Data!G55 -> #REF! | K52: ='SB525 Add-Ons'!$B$5 -> 1386763456 | L52: =J52+K52 -> #REF! | M52: =IF(Data!N55=1,(Data!H55/Data!G55),0) -> 0.80067147 | N52: =IF(M52>=20%,L52,"") -> #REF! | O52: =IF(Data!T55="Y",IF(L52>=$Q$65,$Q$65,L52),"") | P52: =IF(O52="","",$Q$68) | Q52: =IF(L52<$Q$65,L52,$Q$65) -> #REF!
A53: =Data!J56*Data!M56 -> 454758 | B53: =Data!K56*Data!M56 -> 6829578 | C53: =B53-A53 -> 6374820 | D53: =C53*'SWB Ratio'!$B$9/0.9 -> 4051037.4 | E53: =C53-D53 -> 2323782.6 | F53: =(A53*1) -> 454758 | G53: =D53*Data!#REF! -> #REF! | H53: =(E53-(Data!I56*'License Fees'!$A$5))*Data!#REF! -> #REF! | I53: =(H53+(IF(Data!C56=19,'License Fees'!$B$5+'License Fees'!$D$5,'License Fees'!$B$5)*Data!I56)) -> #REF! | J53: =(F53+G53+I53)/Data!G56 -> #REF! | K53: ='SB525 Add-Ons'!$B$5 -> 1386763456 | L53: =J53+K53 -> #REF! | M53: =IF(Data!N56=1,(Data!H56/Data!G56),0) -> 0 | N53: =IF(M53>=20%,L53,"") | O53: =IF(Data!T56="Y",IF(L53>=$Q$65,$Q$65,L53),"") | P53: =IF(O53="","",$Q$68) | Q53: =IF(L53<$Q$65,L53,$Q$65) -> #REF!
A54: =Data!J57*Data!M57 -> 713868 | B54: =Data!K57*Data!M57 -> 10781380 | C54: =B54-A54 -> 10067512 | D54: =C54*'SWB Ratio'!$B$9/0.9 -> 6397650 | E54: =C54-D54 -> 3669862 | F54: =(A54*1) -> 713868 | G54: =D54*Data!#REF! -> #REF! | H54: =(E54-(Data!I57*'License Fees'!$A$5))*Data!#REF! -> #REF! | I54: =(H54+(IF(Data!C57=19,'License Fees'!$B$5+'License Fees'!$D$5,'License Fees'!$B$5)*Data!I57)) -> #REF! | J54: =(F54+G54+I54)/Data!G57 -> #REF! | K54: ='SB525 Add-Ons'!$B$5 -> 1386763456 | L54: =J54+K54 -> #REF! | M54: =IF(Data!N57=1,(Data!H57/Data!G57),0) -> 0 | N54: =IF(M54>=20%,L54,"") | O54: =IF(Data!T57="Y",IF(L54>=$Q$65,$Q$65,L54),"") | P54: =IF(O54="","",$Q$68) | Q54: =IF(L54<$Q$65,L54,$Q$65) -> #REF!
A55: =Data!J58*Data!M58 -> 591947 | B55: =Data!K58*Data!M58 -> 7546980 | C55: =B55-A55 -> 6955033 | D55: =C55*'SWB Ratio'!$B$9/0.9 -> 4419748.1 | E55: =C55-D55 -> 2535284.9 | F55: =(A55*1) -> 591947 | G55: =D55*Data!#REF! -> #REF! | H55: =(E55-(Data!I58*'License Fees'!$A$5))*Data!#REF! -> #REF! | I55: =(H55+(IF(Data!C58=19,'License Fees'!$B$5+'License Fees'!$D$5,'License Fees'!$B$5)*Data!I58)) -> #REF! | J55: =(F55+G55+I55)/Data!G58 -> #REF! | K55: ='SB525 Add-Ons'!$B$5 -> 1386763456 | L55: =J55+K55 -> #REF! | M55: =IF(Data!N58=1,(Data!H58/Data!G58),0) -> 0.68221666 | N55: =IF(M55>=20%,L55,"") -> #REF! | O55: =IF(Data!T58="Y",IF(L55>=$Q$65,$Q$65,L55),"") | P55: =IF(O55="","",$Q$68) | Q55: =IF(L55<$Q$65,L55,$Q$65) -> #REF!
A56: =Data!J59*Data!M59 -> 178900 | B56: =Data!K59*Data!M59 -> 15623224 | C56: =B56-A56 -> 15444324 | D56: =C56*'SWB Ratio'!$B$9/0.9 -> 9814478.5 | E56: =C56-D56 -> 5629845.5 | F56: =(A56*1) -> 178900 | G56: =D56*Data!#REF! -> #REF! | H56: =(E56-(Data!I59*'License Fees'!$A$5))*Data!#REF! -> #REF! | I56: =(H56+(IF(Data!C59=19,'License Fees'!$B$5+'License Fees'!$D$5,'License Fees'!$B$5)*Data!I59)) -> #REF! | J56: =(F56+G56+I56)/Data!G59 -> #REF! | K56: ='SB525 Add-Ons'!$B$5 -> 1386763456 | L56: =J56+K56 -> #REF! | M56: =IF(Data!N59=1,(Data!H59/Data!G59),0) -> 0.14310831 | N56: =IF(M56>=20%,L56,"") | O56: =IF(Data!T59="Y",IF(L56>=$Q$65,$Q$65,L56),"") -> #REF! | P56: =IF(O56="","",$Q$68) -> #REF! | Q56: =IF(L56<$Q$65,L56,$Q$65) -> #REF!
A57: =Data!#REF!*Data!#REF! -> #REF! | B57: =Data!#REF!*Data!#REF! -> #REF! | C57: =B57-A57 -> #REF! | D57: =C57*'SWB Ratio'!$B$9/0.9 -> #REF! | E57: =C57-D57 -> #REF! | F57: =(A57*1) -> #REF! | G57: =D57*Data!#REF! -> #REF! | H57: =(E57-(Data!#REF!*'License Fees'!$A$5))*Data!#REF! -> #REF! | I57: =(H57+(IF(Data!#REF!=19,'License Fees'!$B$5+'License Fees'!$D$5,'License Fees'!$B$5)*Data!#REF!)) -> #REF! | J57: =(F57+G57+I57)/Data!#REF! -> #REF! | K57: ='SB525 Add-Ons'!$B$5 -> 1386763456 | L57: =J57+K57 -> #REF! | M57: =IF(Data!#REF!=1,(Data!#REF!/Data!#REF!),0) -> #REF! | N57: =IF(M57>=20%,L57,"") -> #REF! | O57: =IF(Data!#REF!="Y",IF(L57>=$Q$65,$Q$65,L57),"") -> #REF! | P57: =IF(O57="","",$Q$68) -> #REF! | Q57: =IF(L57<$Q$65,L57,$Q$65) -> #REF!
A58: =Data!J62*Data!M62 -> 814001 | B58: =Data!K62*Data!M62 -> 10250884 | C58: =B58-A58 -> 9436883 | D58: =C58*'SWB Ratio'!$B$9/0.9 -> 5996901.2 | E58: =C58-D58 -> 3439981.8 | F58: =(A58*1) -> 814001 | G58: =D58*Data!#REF! -> #REF! | H58: =(E58-(Data!I62*'License Fees'!$A$5))*Data!#REF! -> #REF! | I58: =(H58+(IF(Data!C62=19,'License Fees'!$B$5+'License Fees'!$D$5,'License Fees'!$B$5)*Data!I62)) -> #REF! | J58: =(F58+G58+I58)/Data!G62 -> #REF! | K58: ='SB525 Add-Ons'!$B$5 -> 1386763456 | L58: =J58+K58 -> #REF! | M58: =IF(Data!N62=1,(Data!H62/Data!G62),0) -> 0.20259408 | N58: =IF(M58>=20%,L58,"") -> #REF! | O58: =IF(Data!T62="Y",IF(L58>=$Q$65,$Q$65,L58),"") -> #REF! | P58: =IF(O58="","",$Q$68) -> #REF! | Q58: =IF(L58<$Q$65,L58,$Q$65) -> #REF!
A59: =Data!J63*Data!M63 -> 844767 | B59: =Data!K63*Data!M63 -> 13658979 | C59: =B59-A59 -> 12814212 | D59: =C59*'SWB Ratio'!$B$9/0.9 -> 8143108.6 | E59: =C59-D59 -> 4671103.4 | F59: =(A59*1) -> 844767 | G59: =D59*Data!#REF! -> #REF! | H59: =(E59-(Data!I63*'License Fees'!$A$5))*Data!#REF! -> #REF! | I59: =(H59+(IF(Data!C63=19,'License Fees'!$B$5+'License Fees'!$D$5,'License Fees'!$B$5)*Data!I63)) -> #REF! | J59: =(F59+G59+I59)/Data!G63 -> #REF! | K59: ='SB525 Add-Ons'!$B$5 -> 1386763456 | L59: =J59+K59 -> #REF! | M59: =IF(Data!N63=1,(Data!H63/Data!G63),0) -> 0.0014221861 | N59: =IF(M59>=20%,L59,"") | O59: =IF(Data!T63="Y",IF(L59>=$Q$65,$Q$65,L59),"") | P59: =IF(O59="","",$Q$68) | Q59: =IF(L59<$Q$65,L59,$Q$65) -> #REF!
A60: =Data!J64*Data!M64 -> 22159 | B60: =Data!K64*Data!M64 -> 3606659 | C60: =B60-A60 -> 3584500 | D60: =C60*'SWB Ratio'!$B$9/0.9 -> 2277859.4 | E60: =C60-D60 -> 1306640.6 | F60: =(A60*1) -> 22159 | G60: =D60*Data!#REF! -> #REF! | H60: =(E60-(Data!I64*'License Fees'!$A$5))*Data!#REF! -> #REF! | I60: =(H60+(IF(Data!C64=19,'License Fees'!$B$5+'License Fees'!$D$5,'License Fees'!$B$5)*Data!I64)) -> #REF! | J60: =(F60+G60+I60)/Data!G64 -> #REF! | K60: ='SB525 Add-Ons'!$B$5 -> 1386763456 | L60: =J60+K60 -> #REF! | M60: =IF(Data!N64=1,(Data!H64/Data!G64),0) -> 1 | N60: =IF(M60>=20%,L60,"") -> #REF! | O60: =IF(Data!T64="Y",IF(L60>=$Q$65,$Q$65,L60),"") -> #REF! | P60: =IF(O60="","",$Q$68) -> #REF! | Q60: =IF(L60<$Q$65,L60,$Q$65) -> #REF!
A61: =Data!#REF!*Data!#REF! -> #REF! | B61: =Data!#REF!*Data!#REF! -> #REF! | C61: =B61-A61 -> #REF! | D61: =C61*'SWB Ratio'!$B$9/0.9 -> #REF! | E61: =C61-D61 -> #REF! | F61: =(A61*1) -> #REF! | G61: =D61*Data!#REF! -> #REF! | H61: =(E61-(Data!#REF!*'License Fees'!$A$5))*Data!#REF! -> #REF! | I61: =(H61+(IF(Data!#REF!=19,'License Fees'!$B$5+'License Fees'!$D$5,'License Fees'!$B$5)*Data!#REF!)) -> #REF! | J61: =(F61+G61+I61)/Data!#REF! -> #REF! | K61: ='SB525 Add-Ons'!$B$5 -> 1386763456 | L61: =J61+K61 -> #REF! | M61: =IF(Data!#REF!=1,(Data!#REF!/Data!#REF!),0) -> #REF! | N61: =IF(M61>=20%,L61,"") -> #REF! | O61: =IF(Data!#REF!="Y",IF(L61>=$Q$65,$Q$65,L61),"") -> #REF! | P61: =IF(O61="","",$Q$68) -> #REF! | Q61: =IF(L61<$Q$65,L61,$Q$65) -> #REF!
A62: =Data!J65*Data!M65 -> 115757 | B62: =Data!K65*Data!M65 -> 3131069 | C62: =B62-A62 -> 3015312 | D62: =C62*'SWB Ratio'!$B$9/0.9 -> 1916154.7 | E62: =C62-D62 -> 1099157.3 | F62: =(A62*1) -> 115757 | G62: =D62*Data!#REF! -> #REF! | H62: =(E62-(Data!I65*'License Fees'!$A$5))*Data!#REF! -> #REF! | I62: =(H62+(IF(Data!C65=19,'License Fees'!$B$5+'License Fees'!$D$5,'License Fees'!$B$5)*Data!I65)) -> #REF! | J62: =(F62+G62+I62)/Data!G65 -> #REF! | K62: ='SB525 Add-Ons'!$B$5 -> 1386763456 | L62: =J62+K62 -> #REF! | M62: =IF(Data!N65=1,(Data!H65/Data!G65),0) -> 0.21499668 | N62: =IF(M62>=20%,L62,"") -> #REF! | O62: =IF(Data!T65="Y",IF(L62>=$Q$65,$Q$65,L62),"") | P62: =IF(O62="","",$Q$68) | Q62: =IF(L62<$Q$65,L62,$Q$65) -> #REF!
P65: DPNF-B Class Median = | Q65: =ROUND(MEDIAN(N2:N62),2) -> #REF!
P66: Count = | Q66: =COUNT(N2:N62) -> 0
P68: RSB Median | Q68: =ROUND(MEDIAN(O2:O62),2) -> #REF!
P69: Count = | Q69: =COUNT(O2:O62) -> 0

Sheet Closed Facilities
A1: FACILITY NAME | B1: CITY | C1: COUNTY CODE | D1: NPI | E1: FYBEG | F1: FYEND | G1: DP PATIENT DAYS | H1: Medi-Cal Days | I1: Lic Beds | J1: CAPITAL COST | K1: SNFCOST | L1: SALARY | M1: DPADJ | N1: DP Code | O1: Other DP Codes | P1: Total Medi-Cal Fee-For-Service SA Patient Days | Q1: Total Medi-Cal Managed Care SA Patient Days | R1: Cert Date | S1: Prior Year Rate | T1: Notes | U1: New SA Facility | V1: Ancillaries | W1: 8-1-99 WPT (inc $.14 on 1-1-00) | X1: 8-1-00 WPT | Y1: 8-1-23 PROJ. COST | Z1: Rural (Y/N) | AA1: Midpoint to 10/15/2023 | AB1: Account for Decimals | AC1: Truncate Midpoint | AD1: Midpoint to the Nearest Half Month | AE1: SWB Update | AF1: All Other (AO) Costs Update | AG1: ITEM 1 | AH1: ITEM 2 | AI1: ITEM 3 | AJ1: ITEM 4 | AK1: ITEM 5 | AL1: ITEM 6 | AM1: ITEM 9 | AN1: ITEM 17 | AO1: ITEM 18 | AP1: ITEM 19 | AQ1: ITEM 20 | AR1: ITEM 21 | AS1: M-Cal % | AT1: 20% M-Cal Days | AU1: SwingBeds | AV1: SwingBed Rate | AW1: Final Rate
A2: BIGGS GRIDLEY MEM HOSP | B2: GRIDLEY | C2: 4 | D2: 1295882819 | E2: 44013 | F2: 44377 | G2: 20624 | H2: =P2+Q2 -> 20044 | I2: 82 | J2: 88391 | K2: 6658065 | L2: 3882898 | M2: 1 | N2: =IF(OR(G2=0,I2=0,J2=0,K2=0),0,IF(OR(O2=4,O2=5),O2,IF(F2-E2<364,2,IF(H2=0,3,1)))) -> 1 | P2: 20044 | Q2: 0 | R2: 37256 | S2: =VLOOKUP(D2,#REF!,2,0) -> #REF! | W2: 3.92 | X2: 8.65 | Y2: 363.18 | Z2: Y | AA2: =(DATE(2023,10,15)-(E2+F2)/2)/30.416666 -> 33.501371 | AB2: =IF(AC2>=0.75,1,IF(AC2>=0.25,0.5,0)) -> 0.5 | AC2: =AA2-TRUNC(AA2) -> 0.5013706 | AD2: =TRUNC(AA2)+AB2 -> 33.5 | AE2: =VLOOKUP(AD2,'Inflation Factors 2027'!$A$5:$D$77,3,0) -> 1.0822437 | AF2: =VLOOKUP(AD2,'Inflation Factors 2027'!$A$5:$D$77,4,0) -> 1.0937167 | AG2: =J2*M2 -> 88391 | AH2: =K2*M2 -> 6658065 | AI2: =AH2-AG2 -> 6569674 | AJ2: =AI2*'Inflation Factors 2027'!#REF!/0.9 -> #REF! | AK2: =AI2-AJ2 -> #REF! | AL2: =(AG2*1) -> 88391 | AM2: =AJ2*AE2 -> #REF! | AN2: =(AK2-(I2*'Inflation Factors 2027'!#REF!))*Data!#REF! -> #REF! | AO2: =(AN2+(IF(C2=19,'Inflation Factors 2027'!#REF!+'Inflation Factors 2027'!#REF!,'Inflation Factors 2027'!#REF!)*I2)) -> #REF! | AP2: =(AL2+AM2+AO2)/G2 -> #REF! | AQ2: ='Inflation Factors 2027'!#REF! -> #REF! | AR2: =AP2+AQ2 -> #REF! | AS2: =IF(N2=1,(H2/G2),0) -> 0.97187742 | AT2: =IF(AS2>=20%,AR2,"") -> #REF! | AU2: =IF(Z2="Y",IF(AR2>=$AW$65,$AW$65,AR2),"") -> #REF! | AV2: =IF(AU2="","",$AW$68) -> #REF! | AW2: =IF(AV2="",IF(AR2<$AW$65,AR2,$AW$65),AV2) -> #REF!

Sheet Inflation Factors 2027
A1: Press TAB to advance to the next cell. Press UP, DOWN, LEFT, or RIGHT ARROW to move cell by cell through the document.
A2: PUBLIC REVIEW DRAFT - SEE DISCLAIMER
A3: 2026 Labor & Non-Labor Inflation Factors
A4: Months To Update | B4: Property Tax | C4: DOF (Labor) Economic Forecast | D4: All Other (CCPI)
A5: 19 | B5: 1.03185 | C5: 1.0232342 | D5: 1.0754072
A6: 19.5 | B6: 1.0327 | C6: 1.024769 | D6: 1.0743494
A7: 20 | B7: 1.03356 | C7: 1.0262948 | D7: 1.0732936
A8: 20.5 | B8: 1.03441 | C8: 1.027825 | D8: 1.0722399
A9: 21 | B9: 1.03526 | C9: 1.0293598 | D9: 1.0705056
A10: 21.5 | B10: 1.03612 | C10: 1.0308993 | D10: 1.0687769
A11: 22 | B11: 1.03697 | C11: 1.0324433 | D11: 1.0670538
A12: 22.5 | B12: 1.03783 | C12: 1.033992 | D12: 1.0653363
A13: 23 | B13: 1.03868 | C13: 1.0381573 | D13: 1.0672937
A14: 23.5 | B14: 1.03954 | C14: 1.0423563 | D14: 1.0692583
A15: 24 | B15: 1.0404 | C15: 1.0465895 | D15: 1.0699173
A16: 24.5 | B16: 1.04126 | C16: 1.0508571 | D16: 1.070577
... A77: 55 | B77: 1.0932 | C77: 1.1512355 | D77: 1.1672084
A78: Updated 7/6/2026
A79: Notes:
A80: Property Tax same as previous years. Does not change year to year.
A81: Labor factor from Table 4 in annual labor study.
A82: All Other from CCPI from the non-labor inflation table.

Sheet SWB Ratio
A1: Press TAB to advance to the next cell. Press UP, DOWN, LEFT, or RIGHT ARROW to move cell by cell through the document.
A2: PUBLIC REVIEW DRAFT - SEE DISCLAIMER
B3: SWB Ratio (2024-as-submitted-pivot-final2.xlsx)
A4: Salaries and Wages | B4: 6926918680
A5: Employee Benefits | B5: 1725856608
A6: Total Health Care Expenses | B6: 15129152264
A7: Salary % | B7: 0.4578524
A8: Benefit % | B8: 0.11407491
A9: SWB Ratio | B9: 0.57192731
A11: Note: Data from HCAI
A12: Updated 7/1/2026

Sheet SB525 Add-Ons
A1: Press TAB to advance to the next cell. Press UP, DOWN, LEFT, or RIGHT ARROW to move cell by cell through the document.
A2: PUBLIC REVIEW DRAFT - SEE DISCLAIMER
C3: CY2027 SB525 Add-On
C4: 1/1/2027-12/31/2027
A5: Mayers Memorial Hospital District | B5: 1386763456 | C5: 0.33
A6: Eastern Plumas Health Care | B6: 1609872415 | C6: 0.62
A7: Oak Valley Hospital District - Oak Valley Nursing & Rehab Center | B7: 1861533648 | C7: 2.12
A8: Kern Valley Healthcare District | B8: 1427049964 | C8: 1.17
A9: Burlingame Skilled Nursing | B9: 1710066634 | C9: 1.31
A10: LAST FRONTIER HEALTHCARE DISTRICT | B10: 1326146333 | C10: 0.44
A11: John C Fremont Healthcare District | B11: 1841342334 | C11: 0.56
A12: Palomar Health dba The Villas at Poway | B12: 1619947090 | C12: 0.97
A13: Sierra View Medical Center | B13: 1235352618 | C13: 2.74
A14: Surprise Valley Health Care District | B14: 1700963956 | C14: 0.49

Sheet License Fees
A1: Press TAB to advance to the next cell. Press UP, DOWN, LEFT, or RIGHT ARROW to move cell by cell through the document.
A2: PUBLIC REVIEW DRAFT - SEE DISCLAIMER
A3: License Fees
A4: Prior Year | B4: Current Year | C4: LA County Prior Year | D4: LA County Current Year
A5: 1061 | B5: 1061 | C5: 281 | D5: 361
A7: 46209
